 Dungeon Crawl Stone Soup version 0.31-a0-865-g3d5d91748a (webtiles) character file.

Game seed: 18236119546781394784

1185690 Flugkiller the Master Archer (level 27, -1/176 (199) HPs)
             Began as a Deep Elf Fighter on Oct 11, 2023.
             Was a High Priest of the Shining One.
             Killed from afar by a hellion (14 damage)
             ... with damnation
             ... on level 5 of the Iron City of Dis.
             The game lasted 02:40:35 (74264 turns).

Flugkiller the Master Archer (Deep Elf Fighter)    Turns: 74264, Time: 02:40:36

HP:   -1/176 (199)  AC: 18    Str: 15    XL:     27
MP:   0/60          EV: 46    Int: 23    God:    the Shining One [*****.]
Gold: 3452          SH: 16    Dex: 38    Spells: 29/46 levels left

rFire   + + .        B - +9 triple crossbow (holy)
rCold   + + +        (shield currently unavailable)
rNeg    + + +        p - +3 ring mail of Daxuobad {+Inv Regen+ Int+2 Dex+3}
rPois   +            r - +0 helmet "Jat Etep" {rC+ Stlth+}
rElec   .            l - scarf {rC+ rF+}
rCorr   +            N - +2 pair of gloves of Edemat {Will+ Str+2 Int+3}
SInv    .            Z - +1 pair of boots "Geweseac" {rF+ rN+ MP+9 Str+3}
Will    +++..        u - amulet "Iffon" {Spirit rC+ rN+ MP+9}
Stlth   ++           A - ring of Amorality {rCorr AC+4 Str-3 Dex+4}
HPRegen 1.29/turn    U - ring of the Tick {rPois Dex+7}
MPRegen 0.37/turn

%: guardian spirit
@: divinely shielded, hasted, glowing, studying 2 skills, heavily drained,
corroded, very quick
A: no striking features
}: 14/15 runes: decaying, serpentine, slimy, silver, golden, obsidian, icy,
bone, abyssal, demonic, glowing, magical, fiery, dark
a: Renounce Religion, Evoke Invisibility, Divine Shield, Cleansing Flame, Summon
Divine Warrior


You were on level 5 of the Iron City of Dis.
You worshipped the Shining One.
The Shining One was extremely pleased with you.
You visited 17 branches of the dungeon, and saw 81 of its levels.
You visited Pandemonium 3 times, and saw 22 of its levels.
You visited the Abyss 5 times.
You visited 1 bazaar.
You also visited: Ossuary, Gauntlet, Ice Cave and Desolation.

You collected 16474 gold pieces.
You spent 9698 gold pieces at shops.
You donated 3324 gold pieces to Zin.

Inventory:

Hand Weapons
 y - the +1 battleaxe of Ischad {drain, rPois Will+}
   (You found it on level 7 of Cocytus)

   rPois:     It protects you from poison Will+: It increases your willpower.
   The Shining One disapproves of the use of such an item.
 B - a +9 triple crossbow of holy wrath (weapon)
   (Okawaru gifted it to you on level 14 of the Dungeon)
Missiles
 g - 14 curare-tipped darts
 v - 4 throwing nets
Armour
 l - a scarf of resistance (worn)
   (You found it on level 2 of the Snake Pit)
 p - the +3 ring mail of Daxuobad (worn) {+Inv Regen+ Int+2 Dex+3}
   (You took it off a vault guard on level 5 of the Vaults)

   Int+2:     It affects your intelligence (+2).
   Dex+3:     It affects your dexterity (+3).
   +Inv:      It lets you turn invisible.
   Regen+:    It increases your rate of health regeneration.
 r - the +0 helmet "Jat Etep" (worn) {rC+ Stlth+}
   (You found it in Pandemonium)

   rC+:       It protects you from cold.
   Stlth+:    It makes you more stealthy.
 F - a +2 helmet of see invisible
   (You bought it in a shop on level 2 of the Orcish Mines)
 G - a +2 cloak of preservation
   (You took it off Maurice on level 8 of the Dungeon)
 N - the +2 pair of gloves of Edemat (worn) {Will+ Str+2 Int+3}
   (Okawaru gifted it to you on level 14 of the Dungeon)

   Str+2:     It affects your strength (+2).
   Int+3:     It affects your intelligence (+3).
   Will+:     It increases your willpower.
 Z - the +1 pair of boots "Geweseac" (worn) {rF+ rN+ MP+9 Str+3}
   (You found it in a Gauntlet)

   Str+3:     It affects your strength (+3).
   rF+:       It protects you from fire.
   rN+:       It protects you from negative energy.
   MP+9:      It affects your magic capacity (+9).
Jewellery
 d - the ring of Banuot {Contam rPois rC++ rN+ Will+}
   (You found it on level 5 of the Vaults)

   [ring of willpower]

   rC++:      It greatly protects you from cold.
   rPois:     It protects you from poison rN+: It protects you from negative
   energy.
   Will+:     It increases your willpower.
   Contam:    It causes magical contamination when unequipped.
 m - the ring "Gaxkor" {Will++ SInv Stlth+}
   (You took it off an imperial myrmidon in the Desolation of Salt)

   [ring of see invisible]

   Will++:    It greatly increases your willpower.
   SInv:      It lets you see invisible.
   Stlth+:    It makes you more stealthy.
 u - the amulet "Iffon" (around neck) {Spirit rC+ rN+ MP+9}
   (You acquired it on level 7 of the Dungeon)

   [amulet of guardian spirit]

   Spirit:    It causes incoming damage to be divided between your reserves of
   health and magic.
   rC+:       It protects you from cold.
   rN+:       It protects you from negative energy.
   MP+9:      It affects your magic capacity (+9).
 A - the ring of Amorality (left hand) {rCorr AC+4 Str-3 Dex+4}
   (You bought it in a shop on level 2 of the Orcish Mines)

   [ring of protection]

   AC+4:      It affects your AC (+4).
   Str-3:     It affects your strength (-3).
   Dex+4:     It affects your dexterity (+4).
   rCorr:     It protects you from acid and corrosion.
 D - the ring "Rigou" {rElec rC+ Will++ Int-4}
   (You bought it in a shop in a bazaar)

   [ring of protection from cold]

   Int-4:     It affects your intelligence (-4).
   rC+:       It protects you from cold.
   rElec:     It insulates you from electricity.
   Will++:    It greatly increases your willpower.
 P - the ring "Mytoapp" {rF++ Str+6 Dex+2}
   (You found it in Pandemonium)

   [ring of strength]

   Str+6:     It affects your strength (+6).
   Dex+2:     It affects your dexterity (+2).
   rF++:      It greatly protects you from fire.
 U - the ring of the Tick (right hand) {rPois Dex+7}
   (You bought it in a shop on level 1 of the Vaults)

   [ring of poison resistance]

   Dex+7:     It affects your dexterity (+7).
   rPois:     It protects you from poison
Wands
 b - a wand of digging (26)
   (You found it on level 14 of the Dungeon)
 c - a wand of charming (45)
   (You found it on level 3 of the Crypt)
 x - a wand of iceblast (97)
   (You found it on level 11 of the Dungeon)
 O - a wand of mindburst (101)
   (You found it on level 1 of the Lair of Beasts)
 V - a wand of quicksilver (28)
   (You found it on level 15 of the Dungeon)
Scrolls
 a - 10 scrolls of fog
 o - 17 scrolls of poison
 s - 10 scrolls of fear
 t - 14 scrolls of teleportation
 C - 3 scrolls of silence
 E - 7 scrolls of revelation
 J - 3 scrolls of summoning
 R - 3 scrolls of vulnerability
 X - 11 scrolls of immolation
Potions
 e - 7 potions of attraction
 f - 2 potions of mutation
 h - 5 potions of haste
 i - 4 potions of lignification
 n - 6 potions of resistance
 q - 26 potions of curing
 K - 9 potions of brilliance
 L - a potion of ambrosia
 Q - 6 potions of enlightenment
 S - 3 potions of cancellation
Miscellaneous
 j - a condenser vane (inert)
   (You found it in a Gauntlet)
 k - a phial of floods
   (You found it on level 2 of the Snake Pit)
 T - a lightning rod (4/4)
   (You found it in a Gauntlet)
 Y - a figurine of a ziggurat


   Skills:
 O Level 27 Fighting
 - Level 4.2 Long Blades
 O Level 27 Ranged Weapons
 + Level 22.3 Armour
 O Level 27 Dodging
 - Level 2.4 Shields
 - Level 10.0 Spellcasting
 - Level 16.0 Translocations
 - Level 7.0 Transmutations
 - Level 5.0 Air Magic
 O Level 27 Invocations
 - Level 20.0 Evocations


You had 29 spell levels left.
You knew the following spells:

 Your Spells              Type           Power      Damage    Failure   Level
a - Wereblood             Tmut           43%        N/A       1%          2
b - Dispersal             Tloc           35%        N/A       1%          6
c - Passage of Golubria   Tloc           71%        N/A       1%          4
r - Blink                 Tloc           100%       N/A       0%          2
w - Swiftness             Air            34%        N/A       3%          3

Your spell library contained the following spells:

 Spells                   Type           Power      Damage    Failure   Level
 Apportation              Tloc           100%       N/A       0%          1
 Lesser Beckoning         Tloc           100%       N/A       0%          2
 Sting                    Tmut/Pois      100%       1d8       1%          1
 Momentum Strike          Conj/Tloc      96%        3d10      1%          2
 Gell's Gravitas          Tloc           71%        N/A       1%          3
 Teleport Other           Tloc           71%        N/A       1%          3
 Volatile Blastmotes      Fire/Tloc      96%        2d18      1%          3
 Manifold Assault         Tloc           71%        N/A       1%          4
 Vhi's Electric Charge    Tloc/Air       100%       N/A       1%          4
 Shock                    Conj/Air       92%        1d8       2%          1
 Passwall                 Tmut/Erth      22%        N/A       2%          2
 Iskenderun's Mystic Bla  Conj/Tloc      48%        2d11      3%          4
 Poisonous Vapours        Pois/Air       46%        N/A       4%          2
 Static Discharge         Conj/Air       46%        2-4/arc   4%          2
 Cigotuvi's Dreadful Rot  Necr/Pois/Air  38%        N/A       6%          2
 Freeze                   Ice            44%        1d6       8%          1
 Kiss of Death            Conj/Necr      44%        2d8       8%          1
 Magic Dart               Conj           44%        1d5       8%          1
 Sandblast                Erth           22%        2d7       8%          1
 Slow                     Hex            44%        N/A       8%          1
 Ignite Poison            Fire/Tmut/Pois 22%        N/A       10%         3
 Airstrike                Air            17%        2d(3-19)  10%         4
 Call Imp                 Summ           22%        N/A       12%         2
 Ensorcelled Hibernation  Hex/Ice        22%        N/A       12%         2
 Jinxbite                 Hex            22%        N/A       12%         2
 Searing Ray              Conj           22%        2d5       12%         2
 Mephitic Cloud           Conj/Pois/Air  19%        N/A       12%         3
 Confusing Touch          Hex            11%        N/A       24%         3
 Frozen Ramparts          Ice            22%        1d4       24%         3
 Hailstorm                Conj/Ice       11%        3d5       24%         3
 Inner Flame              Hex/Fire       11%        N/A       24%         3
 Sigil of Binding         Hex            11%        N/A       24%         3
 Stone Arrow              Conj/Erth      22%        3d8       24%         3
 Tukima's Dance           Hex            11%        N/A       24%         3
 Vampiric Draining        Necr           11%        2d6       24%         3
 Summon Lightning Spire   Summ/Air       23%        N/A       28%         4
 Alistair's Intoxication  Tmut/Pois      18%        N/A       45%         5
 Irradiate                Conj/Tmut      13%        3d16      45%         5
 Yara's Violent Unravell  Hex/Tmut       13%        3d7       45%         5
 Disjunction              Tloc           35%        N/A       58%         8
 Anguish                  Hex/Necr       5%         N/A       61%         4
 Animate Armour           Summ/Erth      22%        N/A       61%         4
 Animate Dead             Necr           11%        N/A       61%         4
 Cause Fear               Hex            5%         N/A       61%         4
 Dispel Undead            Necr           11%        3d9       61%         4
 Fulminant Prism          Conj/Hex       5%         3d7       61%         4
 Leda's Liquefaction      Hex/Erth       5%         N/A       61%         4
 Olgreb's Toxic Radiance  Pois           11%        N/A       61%         4
 Sticky Flame             Conj/Fire      11%        2d3       61%         4
 Summon Ice Beast         Ice/Summ       11%        N/A       61%         4
 Arcjolt                  Conj/Air       11%        1d21      61%         5
 Silence                  Hex/Air        11%        N/A       61%         5
 Freezing Cloud           Conj/Ice/Air   9%         6-21      75%         5
 Agony                    Necr           11%        N/A       91%         5
 Borgnjor's Vile Clutch   Necr/Erth      5%         N/A       91%         5
 Fireball                 Conj/Fire      5%         3d5       91%         5
 Iskenderun's Battlesphe  Conj           11%        2d7       91%         5
 Lee's Rapid Deconstruct  Erth           5%         3d6*      91%         5
 Metabolic Englaciation   Hex/Ice        5%         N/A       91%         5
 Summon Mana Viper        Hex/Summ       11%        N/A       91%         5
 Eringya's Noxious Bog    Tmut/Pois      13%        4d6       96%         6
 Conjure Ball Lightning   Conj/Air       11%        3x3d6     99%         6
 Plasma Beam              Fire/Air       11%        2x1d22    99%         6
 Bombard                  Conj/Erth      5%         9d2       100%        6
 Death Channel            Necr           5%         N/A       100%        6
 Simulacrum               Ice/Necr       5%         N/A       100%        6
 Enfeeble                 Hex            5%         N/A       100%        7
 Haunt                    Necr/Summ      5%         N/A       100%        7
 Monstrous Menagerie      Summ           5%         N/A       100%        7
 Ozocubu's Refrigeration  Ice            5%         4d8       100%        7
 Spellforged Servitor     Conj/Summ      5%         N/A       100%        7
 Borgnjor's Revivificati  Necr           5%         N/A       100%        8
 Discord                  Hex            5%         N/A       100%        8
 Ignition                 Fire           5%         3d4       100%        8
 Infestation              Necr           5%         N/A       100%        8
 Lehudib's Crystal Spear  Conj/Erth      5%         10d3      100%        8
 Maxwell's Capacitive Co  Air            17%        ∞         100%        8
 Chain Lightning          Conj/Air       11%        3d15      100%        9
 Death's Door             Necr           5%         N/A       100%        9
 Dragon's Call            Summ           5%         N/A       100%        9
 Polar Vortex             Ice            5%         N/A       100%        9


Dungeon Overview and Level Annotations

Branches:
Dungeon (15/15) Zot: 23265  Temple (1/1) D:6 Zot: 5932    Lair (5/5) D:8 Zot: 24784
  Swamp (4/4) Lair:2 Zot: 21417   Snake (4/4) Lair:2 Zot: 19864   Slime (5/5) Lair:5 Zot: 25933
    Orc (2/2) D:9 Zot: 10756     Elf (3/3) Orc:2 Zot: 13633  Vaults (5/5) D:14 Zot: 22374
  Crypt (3/3) Vaults:3 Zot: 14202    Tomb (3/3) Crypt:3 Zot: 14013  Depths (4/4) D:15 Zot: 19703
   Hell (visited)             Dis (5/7) Hell Zot: 26951     Geh (7/7) Hell Zot: 26951
    Coc (7/7) Hell Zot: 26951     Tar (7/7) Hell Zot: 26951     Zot (0/5) Depths:4
Ossuary (visited)           IceCv (visited)         Desolation (visited)
Gauntlet (visited)

Altars:
Ashenzari
Cheibriados
Dithmenos
Elyvilon
Fedhas
Gozag
Hepliaklqana
Kikubaaqudgha
Makhleb
Nemelex Xobeh
Okawaru
Qazlal
Ru
Sif Muna
Trog
Uskayaw
Vehumet
Wu Jian
Xom
Yredelemnul
Zin
The Shining One
Jiyva

Shops:
D:15 *   Orc:1 (   Orc:2 **[(=   Elf:2 (   Elf:3 **(   Snake:3 *??*
Vaults:1 =   Vaults:3 *   Vaults:5 (   Depths:3 =   Depths:4 ::=

Portals:
Hell: Depths:1 Depths:2 Depths:3 Depths:4
Abyss: Snake:2 Depths:3
Pandemonium: Depths:2 Depths:3 Depths:4
Ziggurat: Depths:1
Trove: Vaults:4 (give +6 demon trident)

Annotations:
D:5 2 transporters
D:9 2 runed translucent doors
D:10 1 runed translucent door
D:14 2 runed translucent doors, Xuruvid's ghost, journeyman GnWn
Elf:1 6 runed translucent doors
Elf:2 3 runed translucent doors
Crypt:1 1 runed translucent door, Eroclych's ghost, adept GrFi


Message History

The golden flame engulfs the iron golem but does no damage.
The Shining One accepts your kill.
You feel better.
You feel your power returning.
You feel a bit more experienced.
You hear a hideous shriek!
Your angel hits the iron giant with a +3 whip of holy wrath!
Your angel hits the iron giant with a +3 whip of holy wrath.
The iron golem completely misses you. You block the iron golem's attack.
The iron giant completely misses you.
Your angel hits the iron giant with a +3 whip of holy wrath!
Your angel hits the iron giant but does no damage.
Fire: B) +9 triple crossbow (holy)
Press: ? - help, Q - select action, (/) - cycle Shift-Dir - straight line, f - iron giant
Aim: an iron giant, wielding a +0 giant club (moderately wounded, haloed, 97% to hit)
You shoot a bolt. The bolt hits the iron giant.
The iron giant is moderately wounded.
Your angel hits the iron giant but does no damage.
Your angel hits the iron giant with a +3 whip of holy wrath!
The iron golem hits you!! The iron golem completely misses you.
You block the iron giant's attack.
Your angel hits the iron giant with a +3 whip of holy wrath!!
Your angel hits the iron giant with a +3 whip of holy wrath.
Your angel barely misses the iron golem.
Your angel hits the iron golem but does no damage.
The iron giant throws the iron golem at you!
The iron golem misses you. The iron golem completely misses you.
There is a gateway leading out of Dis here.
You feel much better.
Your angel hits the iron golem with a +3 whip of holy wrath!
Your angel hits the iron golem but does no damage.
The iron golem completely misses your angel.
The iron golem hits your angel!!!
The iron giant hits your angel with a +0 giant club!!!
You block the iron golem's attack. The iron golem completely misses you.
The golden flame engulfs you but does no damage.
You resist. The golden flame engulfs your angel.
Your angel completely resists.
Your angel is almost dead.
The golden flame engulfs the iron golem but does no damage.
The golden flame engulfs the iron golem.
The iron golem is severely damaged.
The golden flame engulfs the iron giant!!!
The iron giant is almost dead.
Your angel gestures.
Your angel is healed somewhat.
Your angel hits the iron giant but does no damage.
Your angel hits the iron giant with a +3 whip of holy wrath!
The iron giant hits your angel with a +0 giant club!!!
Your angel dies!
Your angel dissolves into sparkling lights!
You block the iron golem's attack. x3; The iron golem hits you!!!
* * * LOW HITPOINT WARNING * * *
The iron giant shouts!
Blink to where?
Press: ? - help, Dir - move target, p - iron giant
As you read the scroll of blinking, it crumbles to dust.
The iron giant fires a harpoon shot at you.
The harpoon shot hits you!
* * * LOW HITPOINT WARNING * * *
You are yanked forward by the harpoon shot.
The iron golem misses you. The iron golem completely misses you.
Unknown command.
Okay, then.
Okay, then.
You feel much better. The iron giant misses you. The iron golem misses you.
The iron golem hits you!!!
* * * LOW HITPOINT WARNING * * *
You feel much better. You block the iron golem's attack.
The iron golem completely misses you. The iron giant completely misses you.
You feel yourself speed up.
The iron giant hits you with a +0 giant club!!!
* * * LOW HITPOINT WARNING * * *
The iron golem misses you. You block the iron golem's attack.
Blink to where?
Press: ? - help, Dir - move target, f - you
Okay, then.
Unknown command.
Okay, then.
Unknown command.
Press: ? - help, v - describe, . - travel, g - get item
Here: an iron giant, wielding a +0 giant club (almost dead, haloed)
Items here: a +0 great sword; a +0 plate armour.
The floor, spattered with blood.
Unknown command.
Blink to where?
Press: ? - help, Dir - move target
As you read the scroll of blinking, it crumbles to dust.
Unknown command.
Okay, then.
Okay, then.
Unknown command.
Blink to where?
Press: ? - help, Dir - move target A hellion comes into view.
As you read the scroll of blinking, it crumbles to dust.
The hellion gives a hideous shriek!
A Hell Sentinel comes into view.
The hellion gestures at you.
The sphere of damnation explodes!
The damnation engulfs you!
You die...

#.....9.'.#
#..1.##+######§#
#..............#
.......r.......#
...............#
...............#
...............#
...............#
2......@..^....#
.........^.....
.......#+###...
....... .
#######


You could see a Hell Sentinel (wandering), a crystal echidna and a hellion.

Vanquished Creatures
  Cerebov (Pan)
  Antaeus (Coc:7)
  the Royal Jelly (Arena)
  Asmodeus (Geh:7)
  Gloorx Vloq (Pan)
  Mnoleg (Pan)
  Lom Lobon (Pan)
  the Serpent of Hell (Tar:7)
  5 pandemonium lords (Pan)
  4 dread liches
  2 ancient liches
  Sojobo (Depths:1)
  5 juggernauts (Coc:5)
  26 royal mummies
  Boris (Depths:3)
  Vv (Crypt:1)
  Frederick (Vaults:2)
  21 shard shrikes
  Xtahua (Depths:3)
  Vashnia (Snake:3)
  Saint Roka (Crypt:2)
  15 caustic shrikes
  Geryon (Hell)
  Nikola (Elf:3)
  9 golden dragons
  Jory (Vaults:4)
  7 profane servitors
  7 Tzitzimimeh
  17 bone dragons
  Norris (Elf:2)
  3 doom hounds
  14 Brimstone Fiends
  A spectral shard shrike (Tar:7)
  4 iron giants
  9 hellephants
  6 Hell Sentinels
  7 tentacled monstrosities
  10 liches
  Jorgrun (Swamp:3)
  22 Ice Fiends
  Asterion (Depths:1)
  7 tainted leviathans
  5 deep elf master archers
  5 deep elf blademasters
  9 searing wretches
  Murray (Depths:2)
  14 sphinxes
  37 titans
  18 acid blobs
  16 Executioners (Pan)
  2 quicksilver dragons
  24 ancient champions
  16 tentacled starspawn
  Gastronok (D:8)
  Kirke (D:14)
  Aizul (Snake:1)
  12 tengu reavers
  A thorn hunter (Abyss:4)
  5 storm dragons
  4 revenants
  Agnes (D:14)
  4 draconian monks (Depths:4)
  The ghost of Ufav Mom the Severer, an adept HOMo of the Shining One (Snake:2)
  Donald (Snake:2)
  Roxanne (Swamp:1)
  4 nagarajas
  9 azure jellies
  19 narguns
  5 shadow dragons
  7 demonspawn warmongers (Pan)
  5 rockslimes
  20 vault wardens
  2 draconian knights (Depths:2)
  A quicksilver elemental (Dis:1)
  26 frost giants
  28 fire giants
  4 imperial myrmidons (Desolation)
  9 deep elf sorcerers
  37 balrugs
  2 iron dragons
  6 deep elf elementalists
  3 curse skulls
  A spectral juggernaut (Tar:1)
  19 cacodemons (Pan)
  Louise (Snake:2)
  8 demonspawn blood saints (Pan)
  6 shard shrike simulacra
  A draconian shifter (Depths:4)
  A ghost moth (Abyss:1)
  A caustic shrike zombie (Depths:1)
  2 orc warlords
  3 formless jellyfish (Vaults:4)
  11 ghouls
  27 ironbound preservers
  3 angels
  6 draconian annihilators
  11 demonspawn corrupters (Pan)
  13 quicksilver oozes
  25 reapers
  33 stone giants
  5 war gargoyles
  2 green draconians (Depths:4)
  2 caustic shrike skeletons
  29 very ugly things
  16 vampire knights
  12 demonspawn black suns (Pan)
  4 black draconians (Depths:4)
  24 dire elephants
  5 ironbound thunderhulks
  5 eleionomae
  8 lorocyprocas
  13 wendigos
  6 deep elf annihilators
  16 elemental wellsprings
  4 putrid mouths
  5 deep elf demonologists
  8 purple draconians
  7 white draconians
  8 bennus
  3 halazid warlocks (Desolation)
  5 bunyips
  A minotaur (Gauntlet)
  A spectral titan (Tar:6)
  4 spark wasps (Depths:3)
  A red draconian (Depths:4)
  15 blizzard demons
  A deep elf death mage (Crypt:1)
  5 eidola
  10 ettins
  12 iron golems
  27 mummy priests
  A crystal guardian (Desolation)
  A merfolk javelineer (Abyss:4)
  A spectral quicksilver dragon (Tar:5)
  10 green deaths
  9 jiangshi
  3 entropy weavers
  9 fire dragons
  3 shambling mangroves
  Harold (Lair:1)
  16 great orbs of eyes
  A spriggan zombie (Depths:1)
  5 rakshasas
  Josephine (Snake:1)
  Erolcha (D:10)
  A great orb of eyes (shapeshifter) (Vaults:5)
  17 yaktaur captains
  7 deep elf high priests
  38 vault guards
  A fenstrider witch zombie (Tomb:3)
  A spectral tengu (Tar:1)
  3 juggernaut simulacra
  18 ice dragons
  A quicksilver dragon skeleton (Tomb:2)
  9 ragged hierophants (Desolation)
  11 servants of whispers (Desolation)
  14 centaur warriors
  9 alligators
  A ghost crab (Swamp:2)
  14 salamander tyrants
  13 peacekeepers
  2 spriggan air magi
  16 hydras
  2 spectral spriggans (Tar:1)
  2 ogre magi
  4 caustic shrike simulacra
  15 ironbound frosthearts
  6 hell beasts
  A spriggan skeleton (Tomb:3)
  12 naga warriors
  6 boulder beetles
  A fenstrider witch skeleton (Pan)
  An azure jelly zombie (Crypt:1)
  A catoblepas (Lair:1)
  9 death yaks
  4 death knights
  A satyr (Abyss:4)
  5 deep troll shamans
  9 anacondas
  16 two-headed ogres
  40 death scarabs
  6 stokers
  14 hell hogs
  10 deep troll earth magi
  12 vampire magi
  16 thrashing horrors
  7 tengu warriors
  22 dancing weapons
  A spectral naga (Tar:1)
  3 orc high priests
  8 demonic crawlers (Pan)
  A titan zombie (Depths:1)
  8 shock serpents
  A spectral dire elephant (Tar:2)
  Urug (Lair:1)
  16 deep elf knights
  4 spriggan berserkers
  13 naga sharpshooters
  29 soul eaters
  9 spriggans
  15 hell knights
  65 sun demons
  25 skeletal warriors
  Nergalle (Lair:1)
  A spectral death yak (Lair:5)
  5 wretched stars
  6 iron trolls
  A skyshark (Lair:4)
  8 salamander mystics
  A spatial maelstrom (Abyss:3)
  20 shadow wraiths
  3 death drakes (Depths:4)
  19 sixfirhies
  8 goliath frogs
  A crystal echidna (Dis:2)
  An anaconda zombie (Abyss:1)
  4 spriggan druids
  11 flayed ghosts
  44 deep trolls
  2 spectral anacondas
  10 swamp dragons
  4 naga ritualists
  7 bog bodies
  42 large abominations
  4 glowing orange brains
  4 quicksilver dragon simulacra
  2 orange crystal statues
  8 shadow demons
  A spriggan simulacrum (Coc:1)
  12 lindwurms
  16 wizards
  A spectral iron dragon (Tar:1)
  30 deep elf archers
  A shadow dragon zombie (Hell)
  10 orc knights
  19 phantasmal warriors
  30 starcursed masses
  18 necromancers
  2 fenstrider witch simulacra
  A wolf spider zombie (Crypt:1)
  3 harpies (Vaults:5)
  21 deep elf pyromancers
  An obsidian statue (Lair:5)
  An oklob plant (Swamp:3)
  28 deep elf zephyrmancers
  8 mana vipers
  A tengu zombie (Depths:1)
  23 ironbound convokers
  An eleionoma zombie (Crypt:2)
  4 cyclopes
  A faun (shapeshifter) (Depths:4)
  3 orc sorcerers
  64 ugly things
  10 shining eyes
  23 salamanders
  A shadow dragon skeleton (Pan)
  A manticore (D:13)
  3 worldbinders
  2 spectral ettins
  A will-o-the-wisp (Abyss:3)
  A fire giant skeleton (Crypt:1)
  A frost giant skeleton (Depths:1)
  3 titan simulacra
  22 vault sentinels
  46 smoke demons
  15 elephants
  7 molten gargoyles
  Maurice (D:8)
  12 naga magi
  2 ice statues (Coc:7)
  A naga zombie (Hell)
  31 black mambas
  An apocalypse crab (Abyss:4)
  10 guardian serpents
  A dire elephant zombie (Tomb:2)
  A stone giant skeleton (Tomb:3)
  A storm dragon simulacrum (Coc:2)
  8 rust devils
  2 centaur skeletons
  A naga skeleton (Abyss:4)
  An unseen horror zombie (Crypt:2)
  Maggie (Lair:2)
  5 eyes of devastation
  A cane toad (shapeshifter) (Elf:3)
  3 gargoyles
  6 cane toads
  4 kobold demonologists
  22 orange demons
  12 rime drakes
  3 unseen horrors
  5 anaconda simulacra
  An orc skeleton (Pan)
  A harpy zombie (Abyss:4)
  32 hellions
  19 tormentors
  4 efreet
  10 komodo dragons
  30 yaktaurs
  9 freezing wraiths
  3 golden dragon simulacra (Coc:6)
  A bunyip simulacrum (Coc:2)
  5 red devils
  A red draconian skeleton (Crypt:1)
  4 ice devils
  A purple draconian skeleton (Crypt:3)
  2 tengu conjurers
  3 spectral harpies
  A bloated husk (Swamp:2)
  33 guardian mummies
  A yaktaur skeleton (Vaults:1)
  3 silent spectres
  23 hellwings
  A yaktaur zombie (Vaults:1)
  A tyrant leech (shapeshifter) (D:14)
  8 ancient zymes
  4 trolls
  A meliai (shapeshifter) (D:15)
  9 polar bears
  Prince Ribbit (Lair:1)
  9 tyrant leeches
  An ettin zombie (Crypt:3)
  13 blink frogs
  A dream sheep (shapeshifter) (Vaults:5)
  A spectral swamp dragon (Tar:1)
  A harpy skeleton (Pan)
  48 saltlings (Desolation)
  A guardian serpent zombie (Crypt:2)
  2 spectral elephants (Lair:5)
  14 hornets
  2 iron dragon simulacra
  23 raiju
  A frost giant simulacrum (Vaults:1)
  A fire dragon zombie (Tomb:1)
  12 dream sheep
  17 flying skulls
  103 slime creatures
  33 ynoxinuls
  A spectral black mamba (Tar:1)
  A stone giant simulacrum (Coc:6)
  A culicivora (shapeshifter) (Vaults:5)
  A culicivora (Vaults:2)
  2 shadows
  A black mamba zombie (Tomb:1)
  A spriggan (shapeshifter) (Elf:1)
  7 wyverns
  3 water elementals
  2 air elementals
  A black mamba skeleton (Pan)
  5 hogs (D:14)
  36 yaks
  4 dire elephant simulacra
  8 ushabtiu
  2 vampires (Crypt:3)
  28 neqoxecs
  An alligator snapping turtle simulacrum (Coc:2)
  11 wraiths
  24 small abominations
  17 golden eyes
  7 vampire mosquitoes
  2 basilisks
  A fire elemental (Elf:1)
  A wind drake skeleton (Crypt:2)
  16 chaos spawn
  4 wargs
  2 redbacks (Vaults:2)
  2 death yak simulacra (Lair:5)
  11 harpy simulacra
  A steam dragon (D:9)
  39 nagas
  A spatial vortex (Abyss:4)
  12 swamp worms
  2 acid dragons
  5 hydra simulacra
  14 water moccasins
  A floating eye (shapeshifter) (Vaults:5)
  4 floating eyes (Pan)
  An entropy weaver zombie (Crypt:2)
  A two-headed ogre skeleton (Crypt:3)
  3 ettin simulacra
  11 hell hounds
  2 ice beasts
  6 black bears
  A cane toad skeleton (Crypt:2)
  3 swamp drakes (Swamp:1)
  36 orc warriors
  2 sky beasts (D:8)
  A black mamba simulacrum (Crypt:3)
  8 centaurs
  7 wolves
  12 ogres
  5 boggarts (D:14)
  A rime drake zombie (Crypt:1)
  A dream sheep skeleton (Crypt:3)
  Blork the orc (D:5)
  3 kobold brigands
  8 bullfrogs
  A gnoll sergeant (D:7)
  12 scorpions
  7 necrophages
  3 naga simulacra
  3 earth elementals
  4 cane toad simulacra (Lair:5)
  22 wights
  A hornet simulacrum (D:14)
  28 killer bees
  A warg skeleton (Crypt:3)
  An elephant simulacrum (Lair:5)
  A howler monkey (shapeshifter) (D:15)
  2 electric eels (Lair:5)
  4 howler monkeys
  A crimson imp (Abyss:3)
  4 quasits
  2 human zombies (Crypt:1)
  2 centaur zombies
  18 orc priests
  3 hounds
  7 jellies
  3 iron imps
  3 sleepcaps
  Jessica (D:3)
  3 human skeletons
  2 iguanas
  5 scorpion zombies (Ossuary)
  30 orc wizards
  3 polar bear simulacra (Lair:3)
  13 hell rats (Hell)
  3 yak simulacra (Lair:3)
  3 wolf simulacra (Lair:3)
  59 mummies
  9 gnolls (D:7)
  A swamp drake zombie (Crypt:3)
  5 adders
  2 white imps
  3 ufetubi
  An adder skeleton (Crypt:2)
  An iguana skeleton (Crypt:1)
  3 worms
  2 dart slugs
  92 orcs
  4 ball pythons
  11 endoplasms
  A giant cockroach (D:1)
  3 gnoll zombies (Ossuary)
  8 goblins
  8 hobgoblins
  4 jackals (D:1)
  3 quokkas
  8 bats
  An endoplasm zombie (Crypt:3)
  3 frilled lizards (D:1)
  2 giant cockroach zombies
  3 goblin zombies (Ossuary)
  A hobgoblin zombie (Ossuary)
  A jackal zombie (Crypt:3)
  13 kobolds
  A kobold zombie (Ossuary)
  2 orc zombies (Ossuary)
  10 rats
  2 river rat simulacra (Lair:3)
  A ball lightning (Pan)
  5 creeping infernos
  13 fire vortices
  2 lurking horrors
  13 starspawn tentacles
3859 creatures vanquished.

Vanquished Creatures (collateral kills)
  Ereshkigal (Tar:7)
  Mennas (Pan)
  2 caustic shrikes (Dis:4)
  An iron giant (Dis:4)
  A Brimstone Fiend (Pan)
  2 tainted leviathans (Tar:7)
  An Executioner (Pan)
  An ancient champion (Dis:5)
  A tengu reaver (Depths:1)
  A quicksilver elemental (Dis:4)
  A curse skull (Pan)
  A balrug (Pan)
  2 demonspawn blood saints (Pan)
  A cacodemon (Pan)
  2 bennus (Tomb:3)
  5 green draconians (Depths:4)
  A white draconian (Depths:4)
  3 black draconians (Depths:4)
  2 purple draconians (Depths:4)
  A blizzard demon (Pan)
  3 mummy priests (Tomb:3)
  2 red draconians (Depths:4)
  An iron golem (Dis:4)
  A green death (Pan)
  A fire dragon (Depths:4)
  14 death scarabs (Tomb:3)
  A demonic crawler (Pan)
  A crystal echidna (Dis:5)
  A sun demon (Pan)
  A sixfirhy (Pan)
  A smoke demon (Pan)
  An orange demon (Pan)
  16 guardian mummies (Tomb:3)
  An ushabti (Tomb:3)
  A ynoxinul (Pan)
  A neqoxec (Pan)
  3 hell hounds (Pan)
  5 mummies (Tomb:3)
  A ball lightning (Pan)
87 creatures vanquished.

Vanquished Creatures (others)
  An eldritch tentacle (Pan)
  A demonspawn warmonger (Pan)
  2 fire giants
  A nargun (Coc:4)
  A shard shrike simulacrum (Coc:4)
  A white draconian (Depths:4)
  A deep elf knight (Elf:1)
  3 quicksilver dragon simulacra
  A deep elf archer (Swamp:3)
  A deep elf pyromancer (Elf:2)
  An ironbound convoker (Desolation)
  2 iron giant simulacra
  A bloated husk (Swamp:2)
  An iron dragon simulacrum (Coc:4)
  An air elemental (Elf:1)
  A dire elephant simulacrum (Coc:4)
  A harpy simulacrum (Coc:4)
  3 ettin simulacra
  A quasit (Abyss:4)
  4 ball lightnings (Pan)
  3 fire vortices (Pan)
  A lurking horror (Abyss:4)
  35 starspawn tentacles
68 creatures vanquished.

Grand Total: 4014 creatures vanquished

Notes
Turn   | Place    | Note
-------+----------+-------------------------------------------
     0 | D:1      | Flugkiller the Deep Elf Fighter began the quest for the
                  | Orb.
     0 | D:1      | Reached XP level 1. HP: 13/13 MP: 3/3
    60 | D:1      | Reached XP level 2. HP: 18/18 MP: 4/4
   289 | D:1      | Reached XP level 3. HP: 23/23 MP: 5/5
   466 | D:1      | Noticed a floating eye
   469 | D:1      | Noticed an eye of devastation
   471 | D:1      | Found a faded altar of an unknown god.
   474 | D:1      | Noticed a floating eye
   474 | D:1      | Noticed a shining eye
   818 | D:2      | Reached XP level 4. HP: 24/28 MP: 6/6
  1508 | D:3      | Noticed Jessica
  1514 | D:3      | Killed Jessica
  1515 | D:3      | Reached XP level 5. HP: 18/33 MP: 7/7
  1657 | D:3      | Identified the +4 hand axe of the Penguin {flame, rF+ MP+9
                  | Str+2}
  1693 | D:3      | Found a faded altar of an unknown god.
  1695 | D:3      | Found a faded altar of an unknown god.
  1695 | D:3      | Found a hazy altar of Hepliaklqana.
  1917 | D:3      | Identified the +6 hand axe "Riheyvui" {heavy, rC+ Dex+3}
  2178 | D:3      | Found a faded altar of an unknown god.
  2182 | D:3      | Found an ornate altar of the Wu Jian Council.
  2853 | D:4      | Reached skill level 1 in Ranged Weapons
  3109 | D:4      | Reached XP level 6. HP: 38/38 MP: 8/8
  3390 | D:5      | Entered Level 5 of the Dungeon
  3418 | D:5      | Found a transporter.
  3487 | D:5      | Got a foxed book
  3519 | D:5      | Found a transporter.
  3563 | D:5      | Noticed Blork the orc
  3569 | D:5      | Killed Blork the orc
  3827 | D:5      | Reached skill level 5 in Ranged Weapons
  3832 | D:5      | Reached XP level 7. HP: 29/43 MP: 9/9
  4048 | D:5      | Found a glowing silver altar of Zin.
  4459 | D:6      | Found a staircase to the Ecumenical Temple.
  4595 | Temple   | Entered the Ecumenical Temple
  4615 | Temple   | Became a worshipper of Warmaster Okawaru
  4701 | D:6      | Reached XP level 8. HP: 36/48 MP: 10/10
  4825 | D:7      | Reached skill level 10 in Ranged Weapons
  5144 | D:7      | Identified a scroll of acquirement
  5148 | D:7      | Acquired the amulet "Iffon" {Spirit rC+ rN+ MP+9}
  5605 | D:7      | Reached * piety under Okawaru
  5606 | D:7      | Reached skill level 5 in Fighting
  5684 | D:7      | Found a radiant altar of Vehumet.
  6094 | D:8      | Reached XP level 9. HP: 41/55 MP: 11/11
  6341 | D:8      | Reached skill level 1 in Dodging
  6341 | D:8      | Reached skill level 1 in Invocations
  6425 | D:8      | Found a sand-covered staircase.
  6430 | D:8      | Reached ** piety under Okawaru
  6435 | Ossuary  | Entered an ossuary
  6717 | Ossuary  | Reached skill level 5 in Dodging
  6999 | D:8      | Reached *** piety under Okawaru
  7000 | D:8      | Reached XP level 10. HP: 60/60 MP: 14/14
  7022 | D:8      | Found a staircase to the Lair.
  7130 | D:8      | Noticed Maurice
  7132 | D:8      | Maurice stole a +0 longbow
  7134 | D:8      | Maurice stole a ring of positive energy
  7141 | D:8      | Killed Maurice
  7345 | D:8      | Noticed Gastronok
  7552 | D:8      | Killed Gastronok
  7552 | D:8      | Reached **** piety under Okawaru
  7774 | D:8      | Reached skill level 15 in Ranged Weapons
  8069 | D:9      | Noticed a two-headed ogre
  8082 | D:9      | Killed a two-headed ogre
  8082 | D:9      | Reached ***** piety under Okawaru
  8179 | D:9      | Found a staircase to the Orcish Mines.
  8278 | D:9      | Reached XP level 11. HP: 61/64 MP: 15/15
  8283 | D:9      | Found a runed translucent door.
  8304 | D:9      | Found a runed translucent door.
  8354 | D:9      | Found a runed translucent door.
  8371 | D:9      | Found a runed translucent door.
  8478 | D:9      | Noticed a two-headed ogre
  8498 | D:9      | Killed a two-headed ogre
  8522 | D:9      | Received a gift from Okawaru
  8625 | D:9      | Noticed an orange crystal statue
  8639 | D:9      | Noticed a two-headed ogre
  8683 | D:9      | Killed a two-headed ogre
  9317 | D:9      | Killed an orange crystal statue
  9318 | D:9      | Reached skill level 10 in Dodging
  9538 | D:9      | Acquired the +2 pair of boots "Fiol" {rCorr}
  9569 | D:10     | Entered Level 10 of the Dungeon
  9569 | D:10     | Noticed Erolcha
  9590 | D:10     | Killed Erolcha
  9658 | D:10     | Found an opulent altar of Gozag.
  9767 | D:10     | Found a runed translucent door.
  9772 | D:10     | Found a basalt altar of Yredelemnul.
  9978 | D:10     | Found a blossoming altar of Fedhas.
 10103 | D:10     | Found a shadowy altar of Dithmenos.
 10410 | D:11     | Received a gift from Okawaru
 11282 | D:12     | Reached skill level 5 in Invocations
 11282 | D:12     | Reached XP level 12. HP: 76/76 MP: 17/17
 11503 | D:12     | Received a gift from Okawaru
 11712 | D:13     | Found an iron altar of Okawaru.
 11891 | D:13     | Noticed a centaur warrior
 11901 | D:13     | Killed a centaur warrior
 12083 | D:13     | Received a gift from Okawaru
 12423 | D:13     | Reached skill level 10 in Invocations
 13030 | D:14     | Found a large runed translucent door.
 13030 | D:14     | Found a large runed translucent door.
 13031 | D:14     | Noticed Xuruvid's ghost (journeyman GnWn)
 13064 | D:14     | Noticed a tengu warrior
 13088 | D:14     | Killed a tengu warrior
 13132 | D:14     | Noticed Kirke
 13262 | D:14     | Reached skill level 10 in Fighting
 13274 | D:14     | Received a gift from Okawaru
 13324 | D:14     | Noticed a five-headed hydra
 13330 | D:14     | Noticed a centaur warrior
 13330 | D:14     | Killed a five-headed hydra
 13335 | D:14     | Noticed Agnes
 13341 | D:14     | Killed Agnes
 13454 | D:14     | Noticed a vault guard
 13471 | D:14     | Killed a vault guard
 13472 | D:14     | Reached XP level 13. HP: 77/84 MP: 22/22
 13580 | D:14     | Received a gift from Okawaru
 13602 | D:14     | Found a gate to the Vaults.
 13705 | D:14     | Found a hide-covered altar of Uskayaw.
 14038 | D:14     | Received a gift from Okawaru
 14059 | D:14     | Reached ****** piety under Okawaru
 14074 | D:14     | Acquired a +4 triple crossbow
 14074 | D:14     | Received a gift from Okawaru
 14113 | D:14     | Acquired the +2 pair of gloves of Edemat {Will+ Str+2
                  | Int+3}
 14113 | D:14     | Received a gift from Okawaru
 14581 | Lair:1   | Entered Level 1 of the Lair of Beasts
 14679 | Lair:1   | Noticed Urug
 14692 | Lair:1   | Killed Urug
 14860 | Lair:1   | Noticed Nergalle
 14872 | Lair:1   | Killed Nergalle
 14872 | Lair:1   | Received a gift from Okawaru
 14995 | Lair:1   | Noticed Prince Ribbit
 15005 | Lair:1   | Killed Prince Ribbit
 15035 | Lair:1   | Noticed Harold
 15055 | Lair:1   | Killed Harold
 15491 | Lair:2   | Found a staircase to the Snake Pit.
 15514 | Lair:2   | Received a gift from Okawaru
 15576 | Lair:2   | Found a staircase to the Swamp.
 15769 | Lair:2   | Noticed Maggie
 15776 | Lair:2   | Killed Maggie
 16129 | Lair:3   | Found a glowing silver altar of Zin.
 16161 | Lair:3   | Reached XP level 14. HP: 91/91 MP: 23/23
 16732 | Lair:3   | Received a gift from Okawaru
 17093 | Lair:4   | Found a gate leading to a gauntlet.
 17107 | Gauntlet | Entered a Gauntlet
 17107 | Gauntlet | Found a transporter.
 17107 | Gauntlet | Found a transporter.
 17125 | Gauntlet | Found a transporter.
 17129 | Gauntlet | Found a transporter.
 17137 | Gauntlet | Found a transporter.
 17141 | Gauntlet | Found a transporter.
 17147 | Gauntlet | Found a runed translucent gate.
 17149 | Gauntlet | Found a transporter.
 17150 | Gauntlet | Found a runed translucent gate.
 17151 | Gauntlet | Found a runed translucent gate.
 17162 | Gauntlet | Noticed a balrug
 17165 | Gauntlet | Found a transporter.
 17179 | Gauntlet | Found a transporter.
 17183 | Gauntlet | Found a transporter.
 17191 | Gauntlet | Found a transporter.
 17195 | Gauntlet | Found a transporter.
 17364 | Gauntlet | Gained mutation: Armour fits poorly on your strangely
                  | shaped body. [a shining eye]
 17367 | Gauntlet | Gained mutation: You have sharp toenails. [a shining eye]
 17369 | Gauntlet | Gained mutation: Your spells are a little easier to cast,
                  | but a little less powerful. [a shining eye]
 17376 | Gauntlet | Identified the -2 helmet "Wacvarghi" {rPois rC+}
 17476 | Gauntlet | Killed a balrug
 17494 | Gauntlet | Identified the ring "Symp" {Ice rCorr Int+3 Dex-5 SInv}
 17579 | Gauntlet | Found the +4 robe of Folly {Brill Will-∞ Int+8}
 17640 | Gauntlet | Identified the +1 cloak of Midsummer {*Corrode rPois SInv
                  | Stlth+}
 17643 | Gauntlet | Identified the +1 pair of boots "Geweseac" {rF+ rN+ MP+9
                  | Str+3}
 17773 | Lair:4   | Lost mutation: You have sharp toenails. [potion of
                  | mutation]
 17773 | Lair:4   | Lost mutation: Armour fits poorly on your strangely shaped
                  | body. [potion of mutation]
 17773 | Lair:4   | Gained mutation: You occasionally shout uncontrollably at
                  | your foes. [potion of mutation]
 17773 | Lair:4   | Gained mutation: Your system is resistant to poisons.
                  | (rPois) [potion of mutation]
 17875 | Lair:4   | Received a gift from Okawaru
 18321 | Lair:5   | Entered Level 5 of the Lair of Beasts
 18784 | Lair:5   | Received a gift from Okawaru
 18793 | Lair:5   | Found a viscous altar of Jiyva.
 18793 | Lair:5   | Found a staircase to the Slime Pits.
 19158 | Lair:5   | Reached XP level 15. HP: 99/99 MP: 24/24
 19185 | Lair:5   | Identified the +4 battleaxe of Righteous Fury {distort, rN+
                  | Dex+3}
 20190 | D:14     | Killed Kirke
 20190 | D:14     | Received a gift from Okawaru
 20240 | D:15     | Entered Level 15 of the Dungeon
 20408 | D:15     | Found a staircase to the Depths.
 20530 | D:15     | Found Uxut's Assorted Antiques.
 20534 | D:15     | Bought 2 purple potions for 30 gold pieces
 21270 | Orc:1    | Entered Level 1 of the Orcish Mines
 21282 | Orc:1    | Found Anluwk's Antique Weapon Emporium.
 21417 | Orc:1    | Received a gift from Okawaru
 21597 | Orc:2    | Entered Level 2 of the Orcish Mines
 21597 | Orc:2    | Found Reyguacw's Assorted Antiques.
 22038 | Orc:2    | Found Umeogun's General Store.
 22050 | Orc:2    | Bought a +2 helmet of see invisible for 279 gold pieces
 22309 | Orc:2    | Found a staircase to the Elven Halls.
 22366 | Orc:2    | Found Qiemm's Jewellery Emporium.
 22459 | Orc:2    | Found Xovuf's Antique Weapon Emporium.
 22473 | Orc:2    | Found Colemn's Antique Armour Emporium.
 22505 | Orc:2    | Bought the ring of Amorality {rCorr AC+4 Str-3 Dex+4} for
                  | 709 gold pieces
 22553 | Elf:1    | Entered Level 1 of the Elven Halls
 22642 | Elf:1    | Received a gift from Okawaru
 22923 | Elf:1    | Gained mutation: You are weak. (Str -2) [a cacodemon]
 22924 | Arena    | Entered the Arena
 23170 | Elf:1    | Reached XP level 16. HP: 97/106 MP: 25/25
 23366 | Elf:1    | Received a gift from Okawaru
 23443 | Elf:1    | Identified the +5 ring mail of Tulips {Int+2}
 23841 | Elf:1    | Found a runed translucent gate.
 23841 | Elf:1    | Found a runed translucent gate.
 23841 | Elf:1    | Found a runed translucent gate.
 23841 | Elf:1    | Found a runed translucent gate.
 23841 | Elf:1    | Found a runed translucent gate.
 23842 | Elf:1    | Noticed a storm dragon
 23842 | Elf:1    | Noticed a storm dragon
 23843 | Elf:1    | Found a runed translucent gate.
 24008 | Elf:2    | Found Ohotejah's Antique Weapon Shop.
 24016 | Elf:2    | Received a gift from Okawaru
 24413 | Elf:2    | Noticed Norris
 24430 | Elf:2    | Killed Norris
 24596 | Elf:2    | Paralysed by an air elemental for 1 turns
 24657 | Elf:2    | Received a gift from Okawaru
 24668 | Elf:2    | Reached skill level 1 in Evocations
 24731 | Elf:2    | Found a runed translucent gate.
 24732 | Elf:2    | Found a runed translucent gate.
 24732 | Elf:2    | Found a runed translucent gate.
 24922 | Elf:3    | Entered Level 3 of the Elven Halls
 24922 | Elf:3    | Noticed Nikola
 24980 | Elf:3    | Noticed a deep elf master archer
 25056 | Elf:3    | Killed a deep elf master archer
 25540 | Elf:3    | Found Uwola Eta's Specific Store.
 25542 | Elf:3    | Found Qieruig's General Store.
 25550 | Elf:3    | Bought a scroll of brand weapon for 133 gold pieces
 25637 | Elf:3    | Reached skill level 15 in Dodging
 25655 | Elf:3    | Reached skill level 5 in Evocations
 25751 | Elf:3    | Received a gift from Okawaru
 25758 | Elf:3    | Reached XP level 17. HP: 111/111 MP: 26/26
 25773 | Elf:3    | Killed Nikola
 26107 | Elf:3    | Noticed a deep elf blademaster
 26426 | Elf:3    | Killed a deep elf blademaster
 26501 | Elf:3    | Found Ohec's Weapon Emporium.
 26693 | Elf:3    | Identified the ring "Dutag" {rC- EV+5 Int+4 Dex+4 Slay-4}
 26748 | Elf:3    | Identified the ring of Zowopubuxiss {Ice rPois Str+3}
 26748 | Elf:3    | Found the ring of the Mage {Wiz Archmagi}
 26772 | Elf:3    | Got an odd book
 26786 | Elf:3    | Got a moldy book
 26881 | Elf:3    | Identified the +3 shortbow of the Wasteland {flame, Str+3
                  | SInv}
 27161 | Snake:1  | Entered Level 1 of the Snake Pit
 27379 | Snake:1  | Received a gift from Okawaru
 27931 | Snake:1  | Noticed Josephine
 27933 | Snake:1  | Killed Josephine
 28085 | Snake:2  | Found a transporter.
 28085 | Snake:2  | Noticed Aizul
 28093 | Snake:1  | Killed Aizul
 28160 | Snake:2  | Noticed Ufav Mom's ghost (adept HOMo)
 28160 | Snake:2  | Found a transporter.
 28160 | Snake:2  | Found a one-way gate to the infinite horrors of the Abyss.
 28191 | Snake:2  | Received a gift from Okawaru
 28288 | Snake:2  | Found a broken altar of Ashenzari.
 28298 | Snake:2  | Found a frozen archway.
 28325 | IceCv    | Entered an ice cave
 28433 | IceCv    | Received a gift from Okawaru
 28495 | IceCv    | Reached skill level 10 in Evocations
 28553 | IceCv    | Got a shiny book
 28688 | IceCv    | Reached XP level 18. HP: 86/116 MP: 27/27
 28935 | Snake:2  | Noticed Louise
 28939 | Snake:2  | Killed Louise
 29074 | Snake:2  | Reached skill level 27 in Ranged Weapons
 29077 | Snake:2  | Noticed Donald
 29094 | Snake:2  | Killed Donald
 29157 | Snake:2  | Noticed a profane servitor
 29313 | Snake:3  | Received a gift from Okawaru
 29382 | Snake:3  | Found Odgheypt's Magic Scroll Shop.
 29397 | Snake:3  | Found Lappoed's Assorted Antiques.
 29397 | Snake:3  | Found Xulyremm's Assorted Antiques.
 29402 | Snake:3  | Bought a scroll of blinking for 120 gold pieces
 29402 | Snake:3  | Bought a scroll of enchant armour for 120 gold pieces
 29402 | Snake:3  | Found Elly's Magic Scroll Boutique.
 29417 | Snake:3  | Bought a scroll of fear for 68 gold pieces
 29420 | Snake:3  | Bought a potion of heal wounds for 145 gold pieces
 29420 | Snake:3  | Bought a potion of heal wounds for 145 gold pieces
 29779 | Snake:3  | Noticed Vashnia
 29789 | Snake:3  | Killed Vashnia
 29927 | Snake:3  | Received a gift from Okawaru
 30027 | Snake:4  | Entered Level 4 of the Snake Pit
 30536 | Snake:4  | Received a gift from Okawaru
 30660 | Snake:4  | Got a serpentine rune of Zot
 31034 | Slime:1  | Entered Level 1 of the Pits of Slime
 31156 | Slime:1  | Received a gift from Okawaru
 31324 | Slime:1  | Reached skill level 5 in Armour
 31557 | Slime:1  | You fall into a shaft and drop 1 floor!
 31768 | Slime:3  | Reached XP level 19. HP: 119/122 MP: 29/29
 31890 | Slime:1  | Received a gift from Okawaru
 31986 | Slime:3  | Gained mutation: You frequently scream uncontrollably at
                  | your foes. [a shining eye]
 32139 | Slime:5  | Entered Level 5 of the Pits of Slime
 32209 | Slime:5  | Reached skill level 15 in Fighting
 32244 | Slime:5  | Received a gift from Okawaru
 32404 | Slime:5  | Found the necklace of Bloodlust {Fury *Rage Will++ Int-3
                  | Slay+6}
 32475 | Slime:5  | Noticed the Royal Jelly
 32491 | Arena    | Entered the Arena
 32503 | Arena    | Killed the Royal Jelly
 32619 | Slime:5  | Identified the +5 sling of Invincibility {freeze, MP+9
                  | Dex+4}
 32640 | Slime:5  | Got a slimy rune of Zot
 32656 | Slime:5  | Identified the ring "Waosig" {Fire rPois Will+ MP+9 Int+3}
 32665 | Slime:5  | Got a graven book
 32672 | Slime:5  | Got a gaudy book
 32740 | Slime:5  | Identified the +1 plate armour of Vapredgh {Int+5}
 32759 | Slime:5  | Got a thrumming book
 32772 | Slime:5  | Got a dusty book
 33322 | Swamp:1  | Entered Level 1 of the Swamp
 33439 | Swamp:1  | Received a gift from Okawaru
 33613 | Arena    | Entered the Arena
 33623 | Arena    | Killed a profane servitor
 33703 | Snake:2  | Voluntarily entered the Abyss.
 33858 | Abyss:1  | Found a corrupted altar of Lugonu.
 33869 | Abyss:1  | Found a corrupted altar of Lugonu.
 33869 | Abyss:1  | Found a corrupted altar of Lugonu.
 34009 | Abyss:1  | Found a corrupted altar of Lugonu.
 34047 | Abyss:1  | Received a gift from Okawaru
 34049 | Abyss:1  | Noticed a bone dragon
 34062 | Abyss:1  | Killed a bone dragon
 34199 | Abyss:2  | Reached XP level 20. HP: 131/131 MP: 31/31
 34254 | Abyss:2  | Found a corrupted altar of Lugonu.
 34332 | Abyss:2  | Found a corrupted altar of Lugonu.
 34366 | Snake:2  | Escaped the Abyss
 34368 | Snake:2  | Voluntarily entered the Abyss.
 34390 | Abyss:3  | Noticed a dread lich
 34393 | Abyss:3  | Killed a dread lich
 34393 | Abyss:3  | Received a gift from Okawaru
 34822 | Abyss:3  | Noticed a profane servitor
 34833 | Abyss:3  | Killed a profane servitor
 34836 | Snake:2  | Escaped the Abyss
 34844 | Snake:2  | Killed Ufav Mom's ghost
 34917 | Snake:2  | Voluntarily entered the Abyss.
 34926 | Abyss:3  | Found a corrupted altar of Lugonu.
 34936 | Abyss:3  | Found an ornate altar of the Wu Jian Council.
 35031 | Abyss:4  | Noticed a bone dragon
 35039 | Abyss:4  | Killed a bone dragon
 35062 | Abyss:4  | Received a gift from Okawaru
 35064 | Abyss:4  | Reached skill level 10 in Armour
 35123 | Snake:2  | Escaped the Abyss
 35132 | Snake:2  | Voluntarily entered the Abyss.
 35146 | Abyss:4  | Found a corrupted altar of Lugonu.
 35329 | Abyss:4  | Received a gift from Okawaru
 35399 | Abyss:4  | Got an abyssal rune of Zot
 35419 | Snake:2  | Escaped the Abyss
 35885 | Vaults:1 | Entered Level 1 of the Vaults
 36147 | Vaults:1 | Received a gift from Okawaru
 36234 | Vaults:1 | Reached XP level 21. HP: 136/140 MP: 32/32
 36278 | Vaults:1 | Received a gift from Okawaru
 36448 | Vaults:1 | Found Nuily's Jewellery Shoppe.
 37015 | Vaults:2 | Noticed Frederick
 37027 | Vaults:2 | Killed Frederick
 37030 | Vaults:2 | Received a gift from Okawaru
 37815 | Vaults:2 | Received a gift from Okawaru
 38007 | Vaults:3 | Learned a level 2 spell: Wereblood
 38010 | Vaults:3 | Learned a level 2 spell: Blink
 38014 | Vaults:3 | Learned a level 3 spell: Swiftness
 38021 | Vaults:3 | Learned a level 6 spell: Dispersal
 38040 | Vaults:3 | Found a flickering gateway to a bazaar.
 38054 | Bazaar   | Entered a bazaar
 38054 | Bazaar   | Found Lad Goc's Antique Weapon Shop.
 38071 | Bazaar   | Found Ymatubeph's Jewellery Boutique.
 38077 | Bazaar   | Found Aruru's Antique Armour Shop.
 38090 | Bazaar   | Found Myhot's Distillery.
 38095 | Bazaar   | Bought 2 potions of mutation for 256 gold pieces
 38095 | Bazaar   | Bought a potion of curing for 48 gold pieces
 38095 | Bazaar   | Bought a potion of curing for 48 gold pieces
 38110 | Bazaar   | Bought the ring "Rigou" {rElec rC+ Will++ Int-4} for 490
                  | gold pieces
 38175 | Vaults:3 | Reached skill level 1 in Spellcasting
 38177 | Vaults:3 | Reached skill level 1 in Translocations
 38177 | Vaults:3 | Reached skill level 1 in Transmutations
 38179 | Vaults:3 | Reached skill level 1 in Air Magic
 38261 | Vaults:3 | Received a gift from Okawaru
 38364 | Vaults:3 | Found a staircase to the Crypt.
 38517 | Vaults:3 | Found Nupivirhi's Assorted Antiques.
 38560 | Vaults:3 | Reached XP level 22. HP: 152/152 MP: 33/33
 38853 | Vaults:3 | Reached skill level 5 in Spellcasting
 38874 | Vaults:3 | Received a gift from Okawaru
 39244 | Vaults:4 | Found a crumbling gateway.
 39251 | Desolati | Entered the Desolation of Salt
 39300 | Desolati | Reached skill level 5 in Transmutations
 39308 | Desolati | Reached skill level 5 in Translocations
 39363 | Desolati | Reached skill level 5 in Air Magic
 39391 | Desolati | Identified the +1 plate armour of Veckopeu {Str+6 Int-3}
 39404 | Desolati | Identified the ring "Geohium" {rF+ Str+3}
 39496 | Desolati | Received a gift from Okawaru
 39546 | Desolati | Identified the ring "Gaxkor" {Will++ SInv Stlth+}
 39889 | Desolati | Identified the ring "Nuuh" {AC+4 Int+4 Slay+3}
 39911 | Desolati | Got a mumbling book
 40213 | Vaults:4 | Paralysed by a formless jellyfish for 1 turns
 40240 | Vaults:4 | Found a portal to a secret trove of treasure.
 40282 | Vaults:4 | Received a gift from Okawaru
 40311 | Vaults:4 | Noticed Jory
 40325 | Vaults:4 | Killed Jory
 40788 | Vaults:4 | Reached skill level 10 in Spellcasting
 41277 | Vaults:5 | Entered Level 5 of the Vaults
 41310 | Vaults:5 | Reached skill level 10 in Translocations
 41342 | Vaults:5 | Received a gift from Okawaru
 41372 | Vaults:5 | Reached XP level 23. HP: 156/156 MP: 39/39
 41426 | Vaults:5 | Got a sooty book
 41606 | Vaults:5 | Identified the +0 arbalest of Wrath {penet, Int-3 Dex+6}
 41646 | Vaults:5 | Identified the ring of Banuot {Contam rPois rC++ rN+ Will+}
 41685 | Vaults:5 | Received a gift from Okawaru
 41798 | Vaults:5 | Identified the +7 great sword of In Flagrante Delicto
                  | {flame, rC- Dex+3 Stlth+}
 41928 | Vaults:5 | Noticed a dread lich
 41931 | Vaults:5 | Received a gift from Okawaru
 41945 | Vaults:5 | Killed a dread lich
 41957 | Vaults:5 | Noticed an ancient lich
 41968 | Vaults:5 | Killed an ancient lich
 41982 | Vaults:5 | Got a silver rune of Zot
 42075 | Vaults:5 | Identified the +3 ring mail of Daxuobad {+Inv Regen+ Int+2
                  | Dex+3}
 42092 | Vaults:5 | Noticed a dread lich
 42107 | Vaults:5 | Received a gift from Okawaru
 42257 | Vaults:5 | Found Keumm's Antique Weapon Boutique.
 42323 | Vaults:5 | Noticed a dread lich
 42327 | Vaults:5 | Killed a dread lich
 42408 | Vaults:5 | Identified the +0 ring mail of the Other World {Dex+3}
 42417 | Vaults:5 | Identified the staff of Change {rN+ Will+ Dex+3 Necro}
 42457 | Vaults:5 | Received a gift from Okawaru
 42477 | Vaults:5 | Identified the +4 broad axe of the Final Nightingales
                  | {protect, Int+6}
 42486 | Vaults:5 | Identified the +0 chain mail "Adinac" {rPois rC+ Int+3}
 42497 | Vaults:5 | Got a worn book
 42500 | Vaults:5 | Identified the +0 ring mail of Miracles {rC+}
 42505 | Vaults:5 | Identified the ring of the Cicada {rPois MP+9}
 42666 | Vaults:5 | Killed a dread lich
 42667 | Vaults:5 | Reached XP level 24. HP: 164/164 MP: 39/39
 43173 | Temple   | Fell from the grace of Okawaru
 43173 | Temple   | Became a worshipper of the Shining One
 43349 | Snake:3  | Bought a scroll of summoning for 161 gold pieces
 43349 | Snake:3  | Bought a scroll of brand weapon for 161 gold pieces
 43762 | Crypt:1  | Entered Level 1 of the Crypt
 43791 | Crypt:1  | Reached * piety under the Shining One
 43889 | Crypt:1  | Reached ** piety under the Shining One
 43933 | Crypt:1  | Found a runed translucent door.
 43933 | Crypt:1  | Found a shimmering altar of Xom.
 43933 | Crypt:1  | Noticed Eroclych's ghost (adept GrFi)
 44362 | Crypt:1  | Reached *** piety under the Shining One
 44464 | Crypt:1  | Noticed Vv
 44479 | Crypt:1  | Killed Vv
 44483 | Crypt:1  | Reached **** piety under the Shining One
 44972 | Crypt:2  | Noticed Saint Roka
 45000 | Crypt:2  | Killed Saint Roka
 45129 | Crypt:2  | Reached ***** piety under the Shining One
 45484 | Crypt:3  | Entered Level 3 of the Crypt
 46128 | Snake:3  | Bought a scroll of teleportation for 48 gold pieces
 46128 | Snake:3  | Bought a scroll of fear for 64 gold pieces
 46128 | Snake:3  | Bought a scroll of fear for 64 gold pieces
 46538 | Vaults:3 | Bought a scroll of teleportation for 129 gold pieces
 46538 | Vaults:3 | Bought 3 scrolls of teleportation for 387 gold pieces
 46746 | Crypt:3  | Reached ****** piety under the Shining One
 46792 | Crypt:3  | Found the +8 Vampire's Tooth {megavamp}
 46855 | Crypt:3  | Identified a +9 triple crossbow of holy wrath (a +9 triple
                  | crossbow of flaming blessed by the Shining One)
 46855 | Crypt:3  | Received a gift from the Shining One
 46886 | Crypt:3  | Reached skill level 15 in Invocations
 47399 | Crypt:3  | Found a staircase to the Tomb.
 47705 | Crypt:3  | Found the +8 demon blade "Leech" {evervamp, Harm Drain rN+}
 47706 | Crypt:3  | Found a basalt altar of Yredelemnul.
 47719 | Crypt:3  | Found an ancient bone altar of Kikubaaqudgha.
 48329 | Swamp:1  | Noticed Roxanne
 48333 | Swamp:1  | Killed Roxanne
 48665 | Swamp:3  | Noticed Jorgrun
 48673 | Swamp:3  | Killed Jorgrun
 49088 | Swamp:3  | Was forgiven by Okawaru
 49171 | Swamp:3  | Learned a level 4 spell: Passage of Golubria
 49424 | Swamp:2  | Identified the +5 orcbow of Awkoubou {flame, rC- rCorr
                  | Str+2}
 49738 | Swamp:4  | Entered Level 4 of the Swamp
 49807 | Swamp:3  | Reached XP level 25. HP: 165/171 MP: 39/39
 50298 | Swamp:4  | Got a decaying rune of Zot
 50917 | Tomb:1   | Entered Level 1 of the Tomb of the Ancients
 52267 | Tomb:1   | Noticed a royal mummy
 52274 | Tomb:1   | Killed a royal mummy
 52303 | Tomb:1   | Noticed a royal mummy
 52306 | Tomb:1   | Killed a royal mummy
 52462 | Tomb:1   | Identified the +2 short sword of the People {venom, *Noise
                  | rC+ Str+6}
 52749 | Tomb:2   | Noticed a royal mummy
 52749 | Tomb:2   | Noticed a royal mummy
 52749 | Tomb:2   | Noticed a royal mummy
 52749 | Tomb:2   | Noticed a royal mummy
 52890 | Tomb:2   | Killed a royal mummy
 52909 | Tomb:2   | Killed a royal mummy
 52936 | Tomb:2   | Killed a royal mummy
 53134 | Tomb:2   | Killed a royal mummy
 53390 | Tomb:1   | Noticed a royal mummy
 53390 | Tomb:1   | Noticed a royal mummy
 53398 | Tomb:1   | Noticed a royal mummy
 53400 | Tomb:1   | Noticed a royal mummy
 53402 | Tomb:1   | Killed a royal mummy
 53402 | Tomb:1   | Noticed a royal mummy
 53405 | Tomb:1   | Killed a royal mummy
 53408 | Tomb:1   | Killed a royal mummy
 53413 | Tomb:1   | Killed a royal mummy
 53433 | Tomb:1   | Killed a royal mummy
 53599 | Tomb:1   | Noticed a royal mummy
 53604 | Tomb:1   | Killed a royal mummy
 53789 | Tomb:1   | Noticed a royal mummy
 53794 | Tomb:1   | Killed a royal mummy
 53889 | Tomb:1   | Noticed a royal mummy
 53889 | Tomb:1   | Noticed a royal mummy
 54067 | Tomb:1   | Killed a royal mummy
 54071 | Tomb:1   | Noticed a royal mummy
 54078 | Tomb:1   | Killed a royal mummy
 54084 | Tomb:1   | Killed a royal mummy
 54084 | Tomb:1   | Noticed a royal mummy
 54091 | Tomb:1   | Noticed a royal mummy
 54093 | Tomb:1   | Killed a royal mummy
 54098 | Tomb:1   | Killed a royal mummy
 54440 | Tomb:3   | Entered Level 3 of the Tomb of the Ancients
 54468 | Tomb:3   | Reached XP level 26. HP: 169/177 MP: 40/40
 54493 | Tomb:3   | Found the +11 plutonium sword {Contam Stlth-}
 54516 | Tomb:3   | Noticed a royal mummy
 54519 | Tomb:3   | Killed a royal mummy
 54544 | Tomb:3   | Noticed a royal mummy
 54546 | Tomb:3   | Killed a royal mummy
 54597 | Tomb:3   | Noticed a royal mummy
 54605 | Tomb:3   | Killed a royal mummy
 54607 | Tomb:3   | Noticed a royal mummy
 54607 | Tomb:3   | Noticed a royal mummy
 54805 | Tomb:3   | Noticed a royal mummy
 54806 | Tomb:3   | Killed a royal mummy
 54806 | Tomb:3   | Noticed a royal mummy
 54808 | Tomb:3   | Noticed a royal mummy
 54813 | Tomb:3   | Killed a royal mummy
 54829 | Tomb:3   | Got a golden rune of Zot
 54932 | Tomb:3   | Killed a royal mummy
 55101 | Tomb:3   | Killed a royal mummy
 55142 | Tomb:3   | Killed a royal mummy
 55458 | Tomb:3   | Found the brooch of Shielding {Spirit SH+8}
 55491 | Tomb:3   | Identified the +0 leather armour "Raycol" {-Tele rC+ Dex+3}
 55500 | Tomb:3   | Identified the +0 pair of boots of the Old World {Int+3
                  | SInv}
 55544 | Tomb:3   | Identified the +0 robe of Disguise {Harm Drain Int+7
                  | Stlth+}
 55550 | Tomb:3   | Identified the +5 trident of Integrity {pain, rC+ SInv}
 55553 | Tomb:3   | Identified the staff "Migoo" {rElec rPois rC+ Air}
 56036 | Depths:1 | Entered Level 1 of the Depths
 56062 | Depths:1 | Noticed Asterion
 56068 | Depths:1 | Killed Asterion
 56103 | Depths:1 | Found a one-way gateway to a ziggurat.
 56146 | Depths:1 | Noticed Sojobo
 56229 | Depths:1 | Killed Sojobo
 56280 | Depths:1 | Found a gateway to Hell.
 56322 | Depths:1 | Found an ornate altar of the Wu Jian Council.
 56447 | Depths:1 | Found a broken altar of Ashenzari.
 56654 | Depths:2 | Found a blossoming altar of Fedhas.
 56784 | Depths:2 | Reached skill level 27 in Invocations
 57266 | Depths:2 | Identified the +5 dagger "Leviticus" {heavy, Will++ Int-2}
 57317 | Depths:2 | Reached XP level 27. HP: 162/183 MP: 37/42
 57515 | Depths:2 | Found a one-way gate leading to the halls of Pandemonium.
 57550 | Depths:2 | Lost mutation: You frequently scream uncontrollably at your
                  | foes. [potion of mutation]
 57550 | Depths:2 | Lost mutation: Your spells are a little easier to cast, but
                  | a little less powerful. [potion of mutation]
 57550 | Depths:2 | Lost mutation: Your system is resistant to poisons. (rPois)
                  | [potion of mutation]
 57550 | Depths:2 | Gained mutation: You occasionally lose the ability to read
                  | scrolls when taking damage. [potion of mutation]
 57551 | Depths:2 | Lost mutation: You are weak. (Str -2) [potion of mutation]
 57551 | Depths:2 | Lost mutation: You occasionally shout uncontrollably at
                  | your foes. [potion of mutation]
 57551 | Depths:2 | Gained mutation: You are vulnerable to heat. (rF-) [potion
                  | of mutation]
 57551 | Depths:2 | Gained mutation: Your muscles are strong. (Str +4, Int/Dex
                  | -1) [potion of mutation]
 57552 | Depths:2 | Lost mutation: You occasionally lose the ability to read
                  | scrolls when taking damage. [potion of mutation]
 57552 | Depths:2 | Lost mutation: Your muscles are strong. (Str +4, Int/Dex
                  | -1) [potion of mutation]
 57552 | Depths:2 | Gained mutation: You are dopey. (Int -2) [potion of
                  | mutation]
 57552 | Depths:2 | Gained mutation: Potions are less effective at restoring
                  | your health. [potion of mutation]
 57552 | Depths:2 | Gained mutation: You have hidden genetic potential. [potion
                  | of mutation]
 57552 | Depths:2 | Gained mutation: Your muscles are strong. (Str +4, Int/Dex
                  | -1) [potion of mutation]
 57553 | Depths:2 | Lost mutation: You have hidden genetic potential. [potion
                  | of mutation]
 57553 | Depths:2 | Lost mutation: You are dopey. (Int -2) [potion of mutation]
 57553 | Depths:2 | Lost mutation: You are vulnerable to heat. (rF-) [potion of
                  | mutation]
 57553 | Depths:2 | Gained mutation: You occasionally lose the ability to read
                  | scrolls when taking damage. [potion of mutation]
 57553 | Depths:2 | Gained mutation: You are dopey. (Int -2) [potion of
                  | mutation]
 57553 | Depths:2 | Gained mutation: You sometimes lose your temper in combat.
                  | [potion of mutation]
 57554 | Depths:2 | Lost mutation: You occasionally lose the ability to read
                  | scrolls when taking damage. [potion of mutation]
 57554 | Depths:2 | Lost mutation: Potions are less effective at restoring your
                  | health. [potion of mutation]
 57554 | Depths:2 | Gained mutation: You expend magic power (3 MP) to
                  | strengthen your wands. [potion of mutation]
 57555 | Depths:2 | Lost mutation: Your muscles are strong. (Str +4, Int/Dex
                  | -1) [potion of mutation]
 57555 | Depths:2 | Lost mutation: You are dopey. (Int -2) [potion of mutation]
 57555 | Depths:2 | Lost mutation: You expend magic power (3 MP) to strengthen
                  | your wands. [potion of mutation]
 57555 | Depths:2 | Gained mutation: You occasionally lose the ability to drink
                  | potions when taking damage. [potion of mutation]
 57555 | Depths:2 | Gained mutation: You occasionally shout uncontrollably at
                  | your foes. [potion of mutation]
 57555 | Depths:2 | Gained mutation: You are strong-willed. (Will+) [potion of
                  | mutation]
 57555 | Depths:2 | Gained mutation: You are agile. (Dex +4, Str/Int -1)
                  | [potion of mutation]
 57556 | Depths:2 | Lost mutation: You occasionally lose the ability to drink
                  | potions when taking damage. [potion of mutation]
 57556 | Depths:2 | Lost mutation: You are strong-willed. (Will+) [potion of
                  | mutation]
 57556 | Depths:2 | Gained mutation: You are partially covered in iridescent
                  | scales. (AC +2) [potion of mutation]
 57556 | Depths:2 | Gained mutation: You passively map a small area around you.
                  | [potion of mutation]
 57556 | Depths:2 | Gained mutation: You are mostly covered in iridescent
                  | scales. (AC +4) [potion of mutation]
 57756 | Vaults:1 | Bought the ring of the Tick {rPois Dex+7} for 625 gold
                  | pieces
 58393 | Depths:3 | Found Kijega's Jewellery Boutique.
 58419 | Depths:3 | Noticed Xtahua
 58424 | Depths:3 | Killed Xtahua
 58753 | Depths:3 | Noticed Boris
 58756 | Depths:3 | Killed Boris
 58807 | Depths:4 | Entered Level 4 of the Depths
 59180 | Depths:4 | Found Vofur's Jewellery Boutique.
 59180 | Depths:4 | Found Unam's Book Emporium.
 59181 | Depths:4 | Found Hupn's Book Emporium.
 59891 | Depths:4 | Reached skill level 15 in Translocations
 59893 | Depths:4 | Found a gate to the Realm of Zot.
 60086 | Depths:4 | Found the amulet of the Four Winds {rN+ Will+++ Clar}
 60096 | Depths:4 | Identified the staff "Jaira" {rC- Str+3 Int+2 Earth}
 60278 | Pan      | Entered Pandemonium
 60332 | Pan      | Noticed Nesitsuin the pandemonium lord
 60342 | Pan      | Killed Nesitsuin the pandemonium lord
 60483 | Pan      | Entered the realm of Gloorx Vloq.
 60935 | Pan      | Noticed Gloorx Vloq
 60942 | Pan      | Killed Gloorx Vloq
 60959 | Pan      | Identified the +10 long sword of Leorovy {heavy, rC++
                  | Int+4}
 60965 | Pan      | Got a dark rune of Zot
 61046 | Pan      | Entered the realm of Mnoleg.
 61053 | Pan      | Acquired 567 gold pieces
 61125 | Pan      | Lost mutation: You are agile. (Dex +4, Str/Int -1) [a
                  | neqoxec]
 61145 | Pan      | Gained mutation: You are clumsy. (Dex -2) [a neqoxec]
 61150 | Pan      | Gained mutation: Your magical capacity is low. (-10% MP) [a
                  | shining eye]
 61195 | Pan      | Gained mutation: You are dopey. (Int -2) [a shining eye]
 61222 | Pan      | Gained mutation: You are occasionally teleported next to
                  | monsters. [a neqoxec]
 61386 | Pan      | Noticed Mnoleg
 61392 | Pan      | Paralysed by a floating eye for 2 turns
 61409 | Pan      | Killed Mnoleg
 61532 | Pan      | Got a glowing rune of Zot
 61585 | Pan      | Noticed Sid Tesch the pandemonium lord
 61588 | Pan      | Killed Sid Tesch the pandemonium lord
 61634 | Pan      | Gained mutation: Your spells are a little harder to cast,
                  | but a little more powerful. [a cacodemon]
 61746 | Pan      | Identified the +4 dire flail of Tenacity {flame, Int-5
                  | Dex+5}
 61755 | Pan      | Gained mutation: You have an uncontrollable temper. [a
                  | cacodemon]
 61791 | Pan      | Found a transporter.
 61832 | Pan      | Noticed Mennas
 61845 | Pan      | Killed Mennas
 61886 | Pan      | Found a transporter.
 61905 | Pan      | Reached skill level 15 in Evocations
 61938 | Pan      | Identified the ring "Mytoapp" {rF++ Str+6 Dex+2}
 61941 | Pan      | Identified the +0 helmet "Jat Etep" {rC+ Stlth+}
 61945 | Pan      | Identified the +3 scimitar "Mackuv Jum" {heavy, +Blink
                  | Str+6 Dex-2}
 62367 | Pan      | Found an exit through the horrors of the Abyss.
 62821 | Pan      | Took an exit into the Abyss.
 62821 | Abyss:4  | Escaped into the Abyss
 63080 | Depths:4 | Escaped the Abyss
 63392 | D:5      | Fell from the grace of the Shining One
 63392 | D:5      | Became a worshipper of Zin the Law-Giver
 63392 | D:5      | Reached * piety under Zin
 63392 | D:5      | Reached ** piety under Zin
 63392 | D:5      | Reached *** piety under Zin
 63392 | D:5      | Reached **** piety under Zin
 63392 | D:5      | Reached ***** piety under Zin
 63394 | D:5      | Donated 3258 gold pieces to Zin
 63594 | D:8      | Reached ****** piety under Zin
 63597 | D:9      | Lost mutation: Your magical capacity is low. (-10% MP)
                  | [potion of mutation]
 63597 | D:9      | Lost mutation: You are clumsy. (Dex -2) [potion of
                  | mutation]
 63597 | D:9      | Lost mutation: You are occasionally teleported next to
                  | monsters. [potion of mutation]
 63598 | D:9      | Lost mutation: You are mostly covered in iridescent scales.
                  | (AC +4) [potion of mutation]
 63598 | D:9      | Lost mutation: You occasionally shout uncontrollably at
                  | your foes. [potion of mutation]
 63599 | D:9      | Lost mutation: You passively map a small area around you.
                  | [potion of mutation]
 63599 | D:9      | Lost mutation: You are partially covered in iridescent
                  | scales. (AC +2) [potion of mutation]
 63600 | D:9      | Lost mutation: Your spells are a little harder to cast, but
                  | a little more powerful. [potion of mutation]
 63600 | D:9      | Lost mutation: You have an uncontrollable temper. [potion
                  | of mutation]
 63600 | D:9      | Lost mutation: You sometimes lose your temper in combat.
                  | [potion of mutation]
 63601 | D:9      | Lost mutation: You are dopey. (Int -2) [potion of mutation]
 63665 | Temple   | Fell from the grace of Zin
 63665 | Temple   | Became a worshipper of the Shining One
 63932 | Pan      | Entered Pandemonium
 64097 | Pan      | Found an exit through the horrors of the Abyss.
 64145 | Depths:2 | Escaped Pandemonium
 64147 | Pan      | Entered the realm of Cerebov.
 64147 | Pan      | Entered Pandemonium
 64167 | Pan      | Identified the +10 falchion "Uqari" {flame, Dex+5}
 64621 | Pan      | Identified the amulet "Plog" {RegenMP rElec rF+ Will- Str+6
                  | Int+2 Stlth+}
 64689 | Pan      | Identified the +9 flail "Jellybane" {freeze, rC+ Int+3}
 64692 | Pan      | Found the +6 sword of Cerebov {flame}
 64692 | Pan      | Noticed Cerebov
 64955 | Pan      | Identified the +3 war axe "Migo" {freeze, *Corrode Int+3
                  | Dex+5 SInv}
 65009 | Pan      | Identified the ring "Heostriwa" {rC+ Stlth+}
 65134 | Pan      | Killed Cerebov
 65339 | Pan      | Got a fiery rune of Zot
 66039 | Pan      | Identified the +7 whip "Toijep" {heavy, MP+9}
 66347 | Pan      | Entered the realm of Lom Lobon.
 66679 | Pan      | Noticed Lom Lobon
 66692 | Pan      | Killed Lom Lobon
 66714 | Pan      | Got a magical rune of Zot
 66929 | Pan      | Found an exit through the horrors of the Abyss.
 66996 | Pan      | Noticed Peckajy the pandemonium lord
 67001 | Pan      | Killed Peckajy the pandemonium lord
 67037 | Pan      | Noticed Ynna the pandemonium lord
 67045 | Pan      | Killed Ynna the pandemonium lord
 67118 | Pan      | Identified the +5 trident of Blood-Lust {pain, rElec rC+
                  | Dex-5}
 67187 | Pan      | Found an exit through the horrors of the Abyss.
 67290 | Pan      | Found an opulent altar of Gozag.
 67312 | Pan      | Found Ygudouw's Quality Elixirs.
 67341 | Pan      | Noticed Ygudouw the pandemonium lord
 67354 | Pan      | Killed Ygudouw the pandemonium lord
 67373 | Pan      | Found an opulent altar of Gozag.
 67373 | Pan      | Found Ygudouw's Fine Accessories.
 67386 | Pan      | Found Ygudouw's Demonic Rune Zone.
 67388 | Pan      | Found Ygudouw's Superb Hardware.
 67433 | Pan      | Found an opulent altar of Gozag.
 67527 | Pan      | Bought a potion of mutation for 144 gold pieces
 67527 | Pan      | Bought a potion of haste for 180 gold pieces
 67527 | Pan      | Bought a potion of haste for 180 gold pieces
 67527 | Pan      | Bought a potion of heal wounds for 90 gold pieces
 67527 | Pan      | Bought a potion of heal wounds for 90 gold pieces
 67527 | Pan      | Bought a potion of cancellation for 144 gold pieces
 67527 | Pan      | Bought a potion of mutation for 144 gold pieces
 67554 | Pan      | Bought a demonic rune of Zot for 4496 gold pieces
 67557 | Depths:2 | Escaped Pandemonium
 67590 | Hell     | Entered the Vestibule of Hell
 67590 | Hell     | Noticed Geryon
 67599 | Hell     | Killed Geryon
 67607 | Hell     | Noticed Murray
 67618 | Depths:2 | Killed Murray
 67682 | Hell     | Found a gateway to the freezing wastes of Cocytus.
 67770 | Hell     | Found a gateway to the Iron City of Dis.
 67872 | Hell     | Found a gateway to the ashen valley of Gehenna.
 67926 | Hell     | Reached skill level 27 in Dodging
 67935 | Hell     | Found a gateway to the decaying netherworld of Tartarus.
 67961 | Hell     | Reached skill level 27 in Fighting
 68618 | Coc:1    | Entered Level 1 of Cocytus
 68699 | Coc:2    | Paralysed by a wendigo for 1 turns
 69060 | Coc:5    | Noticed a juggernaut
 69072 | Coc:5    | Killed a juggernaut
 69145 | Coc:5    | Noticed a juggernaut
 69148 | Coc:5    | Noticed a juggernaut
 69154 | Coc:5    | Killed a juggernaut
 69161 | Coc:5    | Killed a juggernaut
 69261 | Coc:5    | Noticed a juggernaut
 69267 | Coc:5    | Killed a juggernaut
 69422 | Coc:5    | Noticed a juggernaut
 69431 | Coc:5    | Killed a juggernaut
 69854 | Coc:7    | Entered Level 7 of Cocytus
 69859 | Coc:7    | Reached skill level 15 in Armour
 69901 | Coc:7    | Paralysed by a wendigo for 1 turns
 70206 | Coc:7    | Paralysed by a wendigo for 1 turns
 70556 | Coc:7    | Noticed Antaeus
 70570 | Coc:7    | Killed Antaeus
 70758 | Coc:7    | Identified the +1 battleaxe of Ischad {drain, rPois Will+}
 70784 | Coc:7    | Got an icy rune of Zot
 71031 | Tar:1    | Entered Level 1 of Tartarus
 71687 | Tar:7    | Entered Level 7 of Tartarus
 71847 | Tar:7    | Noticed the Serpent of Hell
 71855 | Tar:7    | Killed the Serpent of Hell
 72040 | Tar:7    | Noticed Ereshkigal
 72048 | Tar:7    | Paralysed by Ereshkigal for 5 turns
 72058 | Tar:7    | Killed Ereshkigal
 72252 | Tar:7    | Got a bone rune of Zot
 72377 | Geh:1    | Entered Level 1 of Gehenna
 72836 | Geh:7    | Entered Level 7 of Gehenna
 73099 | Geh:7    | Found the +13 sceptre of Asmodeus
 73099 | Geh:7    | Noticed Asmodeus
 73111 | Geh:7    | Killed Asmodeus
 73146 | Geh:7    | Got an obsidian rune of Zot
 73420 | Dis:1    | Entered Level 1 of the Iron City of Dis
 73420 | Dis:1    | Noticed an ancient lich
 73422 | Dis:1    | Killed an ancient lich
 74264 | Dis:5    | Killed from afar by a hellion

Illustrated notes

Levels and vault maps discovered:
D:1:      lightli_arrival_maybe_door_vault, layout_rooms,
          hellmonk_ecumenical_altar_watching_god, chequers_serial_rivers_micro_d
D:2:      wad_pebble_path, layout_basic
D:3:      layout_loops_ring, nicolae_hepliaklqana_ecumenical_no_more,
          nicolae_overflow_ecumenical_swirl, minivault_25, grunt_decor_junction,
          uniq_jessica
D:4:      layout_basic, minmay_checkerbox
D:5:      gammafunk_steamed_eel, layout_loops_cross, zin_treasury,
          uniq_blork_the_orc
D:6:      layout_gridville, minmay_temple_entry_statues, kennysheep_doodads,
          chequers_garden
D:7:      minmay_inner_zag, layout_basic, nicolae_vehumet_altar_sigil
D:8:      layout_basic, minmay_lair_entry_grove, enter_ossuary_3, uniq_maurice,
          uniq_gastronok
D:9:      layout_basic, orc_0_dummy, minmay_statue_crystal_thing
D:10:     layout_roguey, mainiacjoe_overflow_alcove_1,
          mainiacjoe_overflow_small_starburst, grunt_dithmenos_shadows,
          dk_yredelemnul_ordeal, chequers_serial_rivers_micro_b, uniq_erolcha
D:11:     layout_loops_cross
D:12:     layout_roguey
D:13:     layout_roguey [special_room_orc],
          hellmonk_okawaru_the_only_friend_you_need
D:14:     layout_roguey, erik_vaults_2, ebering_ghost_disaster_area,
          nicolae_uskayaw_dance_hall, uniq_kirke, uniq_agnes
D:15:     grunt_enter_depths_snipers, layout_basic, serial_shops, shop
Temple:   compressed_dpeg_circular_temple
Lair:1:   layout_gridlike, uniq_prince_ribbit2, uniq_harold, uniq_urug,
          uniq_nergalle
Lair:2:   layout_regular_city, swamp_mist, minmay_snake_entry_guardpost_small,
          uniq_maggie
Lair:3:   layout_loops_ring, serial_rivers, chequers_serial_rivers_room_a,
          chequers_serial_rivers_room_a, chequers_serial_rivers_micro_e,
          chequers_serial_rivers_micro_d, basic_altar,
          chequers_serial_rivers_small_a, eino_house_with_fridge
Lair:4:   layout_loops_ring, gauntlet_entry_generic, minmay_lair_drake_nest,
          grunt_megastairs_2, infiniplex_staircase_pool, lemuel_fruit_tree
Lair:5:   due_jungle_book, layout_gridlike, nicolae_slime_entry_field_trip,
          chequers_serial_rivers_micro_e, serial_bayou_pond_e,
          serial_bayou_shore_a
Swamp:1:  layout_basic_swamp, evilmike_swamp_ruin_rubble_2, swamp_pool2,
          uniq_roxanne
Swamp:2:  layout_basic_swamp, evilmike_swamp_ruin_house_2
Swamp:3:  layout_basic_swamp, evilmike_swamp_ruin_house_4, swamp_pool2,
          nicolae_swamp_oklob_treasure_island, uniq_jorgrun
Swamp:4:  swamp_vile, layout_basic_swamp
Snake:1:  layout_basic, drop_trap, uniq_josephine
Snake:2:  layout_misc_corridors, portal_ice_cave_entry_ugly_swarm, basic_altar,
          gammafunk_ghost_abyssal_escape, nicolae_snake_lava_pool, uniq_louise,
          uniq_donald, uniq_aizul
Snake:3:  layout_misc_corridors, st_stairs_2, minmay_shoptagon, uniq_vashnia
Snake:4:  grunt_snake_rune_pools, layout_onion, nicolae_snake_double_loop
Slime:1:  layout_caves, basic_altar, nicolae_slime_phagocytosis
Slime:2:  layout_caves
Slime:3:  layout_caves
Slime:4:  layout_caves
Slime:5:  slime_pit_nicolae_amoeboid
Orc:1:    layout_caves, serial_shops, shop, lemuel_statue_altar
Orc:2:    grunt_orc_cross, layout_caves, serial_shops,
          nicolae_shop_hallway_stairs
Elf:1:    minmay_elf_arrival_circle, layout_geoelf_grid, orc_legates,
          minmay_misc_feat_rows
Elf:2:    nicolae_elf_blades_crystal_corner, layout_geoelf_diagonals,
          serial_shops, nicolae_shop_tiny_waterfront, uniq_norris
Elf:3:    minmay_elf_hall_dome, layout_onion_city, serial_shops,
          nicolae_shop_behind_doors, nicolae_specific_store, uniq_nikola
Vaults:1: hangedman_vaults_unwind, v_misc_26, ontoclasm_vaults_fault,
          dpeg_vaults_pockets_of_resistance, nicolae_vaults_storage_room_doors,
          ontoclasm_vaults_ring_large, v_misc_19, v_misc_19,
          vaults_mumra_minichess_inversion, ontoclasm_vaults_decontamination,
          v_misc_18, hangedman_vaults_slice, grunt_vaults_hallway_short,
          nicolae_vaults_trapezoid_3, layout_vaults_omnibox, serial_shops, shop
Vaults:2: ontoclasm_vaults_twist, v_misc_22, nicolae_vaults_turnstiles,
          nicolae_vaults_heart-shaped_vault, ontoclasm_vaults_ligature,
          v_rooms_5, nicolae_vaults_border_crossing,
          nicolae_vaults_storage_closets_2, nicolae_vaults_little_squares_4,
          vaults_room_stairs_pillars, vaults_dpeg_spiral,
          nicolae_vaults_alarming, layout_vaults_big_room, serial_glass,
          uniq_frederick
Vaults:3: blue_anna_dwarven_crypt, grunt_vaults_twisty, st_cross,
          ontoclasm_vaults_hangar, nicolae_vaults_tangram_2,
          vaults_room_octagon, vaults_room_grid,
          nicolae_vaults_little_squares_6, v_alt_pattern_5,
          dpeg_vaults_monster_box, nicolae_vaults_closet_pinwheel_4,
          nicolae_vaults_sesquioval_fish, nicolae_vaults_trapezoid_lopsided_3,
          nicolae_vaults_two_Ls, nicolae_vaults_trapezoid_lopsided_1,
          layout_vaults_ring, serial_shops, bzr_entry_gold, nicolae_shop_crystal
Vaults:4: portal_desolation_entry_nicolae_slug,
          nicolae_vaults_network_quinsquares
          [nicolae_vaults_network_quincunx_subvault,
          nicolae_vaults_network_quincunx_subvault,
          nicolae_vaults_network_quincunx_subvault,
          nicolae_vaults_network_quincunx_subvault], v_misc_28,
          nicolae_vaults_closet_pinwheel_2, nicolae_vaults_wrenched,
          nicolae_vaults_closet_pinwheel_5, v_misc_10,
          hangedman_vaults_stretched_pinwheel,
          nicolae_vaults_variable_pillar_hall, vaults_dpeg_doors,
          layout_vaults_big_cross, nicolae_trove_entry_free_sample, uniq_jory
Vaults:5
Crypt:1:  layout_basic, ebering_ghost_xom, grunt_crypt_arrival_guarded_gate,
          uniq_vv
Crypt:2:  layout_gridlike, grunt_ministairs_11, nicolae_crypt_small_crypt,
          uniq_saint_roka
Crypt:3:  lightli_unholy_cathedral, layout_chaotic_city,
          nicolae_tomb_entry_unfolded_pyramid_orthogonal,
          minmay_guarded_unrand_vampires_tooth
Tomb:1
Tomb:2
Tomb:3
Depths:1: layout_gridlike, enter_ziggurat_d, hell_entry,
          cheibrodos_ashenzari_chains, nicolae_wu_jian_wuxing_cycle,
          uniq_sojobo, uniq_asterion
Depths:2: hangedman_six_sided_sadism, layout_cave_shapes,
          rand_demon_pan_entry_8, hell_entry, grunt_ministairs_6, fedhas_altar_2
Depths:3: kennysheep_blocky_hall, layout_basic, nicolae_kite_square_tiling_tiny,
          nicolae_abyss_entry_one_way_or_another, rand_demon_pan_entry_7,
          serial_shops, shop, hell_entry, uniq_boris, uniq_xtahua
Depths:4: lemuel_castle_with_subvaults [lemuel_castle_interior_original],
          layout_honeycomb, hellmouth_3, grunt_pan_entry_in_and_out,
          minmay_shop_grove, uniq_margery
Hell
Dis:1:    layout_gridville
Dis:2:    layout_subdivisions
Dis:3:    layout_subdivisions
Dis:4:    layout_subdivisions
Dis:5:    layout_regular_city
Geh:1:    layout_gehenna_lava_caves
Geh:2:    layout_gehenna_pools_triple, hangedman_elemental_corridor
Geh:3:    layout_gehenna_lava_caves
Geh:4:    layout_gehenna_lava_caves
Geh:5:    layout_gehenna_pools_box
Geh:6:    layout_gehenna_lava_caves, nicolae_hells_hurtin_island
Geh:7:    geh_grunt
Coc:1:    layout_cocytus_water_paths
Coc:2:    layout_ice_bergs
Coc:3:    layout_cocytus_water_paths
Coc:4:    layout_cocytus_water_paths
Coc:5:    nicolae_hells_titanomachy
Coc:6:    layout_ice_bergs
Coc:7:    coc_grunt_cove [coc_grunt_cove_antaeus, coc_grunt_cove_fiend,
          coc_grunt_cove_fiend, coc_grunt_cove_fiend, coc_grunt_cove_fiend]
Tar:1:    layout_catacombs
Tar:2:    layout_honeycomb
Tar:3:    layout_grid_maze
Tar:4:    layout_catacombs
Tar:5:    layout_honeycomb
Tar:6:    layout_grid_maze
Tar:7:    tar_old

Skill      XL: |  1  2  3  4  5  6  7  8  9 10 11 12 13 14 15 16 17 18 19 20 21 22 23 24 25 26 27 |
---------------+----------------------------------------------------------------------------------+-----
Long Blades    | 2 3 4 |  4.2
Fighting       | 3 4 5 6 9 10 11 13 14 16 17 20 21 27 | 27.0
Ranged Weapons | 2 6 9 11 13 16 17 19 23 26 27 | 27.0
Dodging        | 6 8 11 14 15 17 19 20 21 27 | 27.0
Invocations    | 3 5 10 11 12 18 23 27 | 27.0
Evocations     | 5 10 11 20 | 20.0
Armour         | 5 8 11 22 | 22.3
Spellcasting   | 3 10 | 10.0
Translocations | 3 10 14 16 | 16.0
Transmutations | 3 7 |  7.0
Air Magic      | 2 5 |  5.0
Shields        | |  2.4

Action                     |  1- 3 |  4- 6 |  7- 9 | 10-12 | 13-15 | 16-18 | 19-21 | 22-24 | 25-27 || total
---------------------------+-------+-------+-------+-------+-------+-------+-------+-------+-------++-------
  Melee: Long sword        |   110 |   131 |       |       |       |       |       |       |       ||   241
         Orcbow            |       |     2 |       |       |       |       |       |       |       ||     2
   Fire: Orcbow            |       |    54 |   326 |   927 |  1677 |   357 |       |       |       ||  3341
         Triple crossbow   |       |       |       |       |    45 |   785 |  1294 |  1777 |  3433 ||  7334
  Throw: Throwing net      |       |       |       |       |       |       |     2 |       |       ||     2
         Dart              |       |       |       |       |       |       |       |       |     1 ||     1
   Cast: Wereblood         |       |       |       |       |       |       |       |     5 |     2 ||     7
         Dispersal         |       |       |       |       |       |       |       |     6 |     1 ||     7
         Blink             |       |       |       |       |       |       |       |       |     2 ||     2
 Invoke: Heroism           |       |       |       |     6 |    10 |     7 |     5 |     4 |       ||    32
         Receive Weapon    |       |       |       |       |     1 |       |       |       |       ||     1
         Receive Armour    |       |       |       |       |     1 |       |       |       |       ||     1
         Finesse           |       |       |       |       |     5 |     2 |     2 |     3 |       ||    12
         Duel              |       |       |       |       |     1 |       |     2 |       |       ||     3
         Cleansing Flame   |       |       |       |       |       |       |       |     3 |   110 ||   113
         Brand Weapon With |       |       |       |       |       |       |       |     1 |       ||     1
         Summon Divine War |       |       |       |       |       |       |       |       |    32 ||    32
         Divine Shield     |       |       |       |       |       |       |       |       |     2 ||     2
         Donate Gold       |       |       |       |       |       |       |       |       |     1 ||     1
  Evoke: Condenser vane    |       |       |       |       |     1 |       |       |       |     2 ||     3
         Lightning rod     |       |       |       |       |       |       |       |     1 |       ||     1
         Wand              |       |       |       |       |       |       |       |       |     2 ||     2
    Use: Potion            |       |     2 |     3 |     2 |     5 |     6 |     3 |     4 |    35 ||    60
         Scroll            |       |     3 |    13 |    11 |    14 |    19 |     6 |    13 |    22 ||   101
 Armour: Scale mail        |    64 |   136 |       |       |       |       |       |       |       ||   200
         Leather armour    |       |    11 |   116 |    21 |       |       |       |       |       ||   148
         Skin              |       |       |    18 |       |     3 |       |       |       |       ||    21
         Steam dragon scal |       |       |       |    49 |       |       |       |       |       ||    49
         Troll leather arm |       |       |       |   121 |   322 |   238 |   295 |   503 |   665 ||  2144
         Ring mail         |       |       |       |       |       |       |       |       |   271 ||   271
  Dodge: Dodged            |    46 |    82 |   123 |   267 |   614 |   429 |   885 |  1519 |  2640 ||  6605
  Block: Buckler           |    34 |    34 |       |       |       |       |       |       |       ||    68
         Other             |       |       |       |       |       |       |       |       |    26 ||    26

Table legend: (Time is in decaauts)
 A = Elapsed time spent in this place.
 B = Non-inter-level travel time spent in this place.
 C = Inter-level travel time spent in this place.
 D = Time resting spent in this place.
 E = Time spent auto-exploring this place.
 F = Levels seen in this place.
 G = Mean time per level.
                   A        B        C        D        E       F      G
               +--------+--------+--------+--------+--------+-----+--------+
         Total |  74209 |  64234 |   9975 |  10218 |  33346 | 119 |  623.6 |
       Dungeon |  17864 |  14122 |   3742 |   2637 |   8087 |  15 | 1190.9 |
        Temple |     67 |      4 |     63 |      0 |      0 |   1 |   67.0 |
          Lair |   5215 |   4261 |    954 |    274 |   2840 |   5 | 1043.0 |
         Swamp |   2582 |   2382 |    200 |    149 |   1586 |   4 |  645.5 |
     Snake Pit |   4135 |   3407 |    728 |    481 |   2012 |   4 | 1033.8 |
    Slime Pits |   2179 |   2038 |    141 |    221 |   1063 |   5 |  435.8 |
  Orcish Mines |   1243 |   1144 |     99 |    134 |    734 |   2 |  621.5 |
   Elven Halls |   4366 |   4191 |    175 |   1503 |   1678 |   3 | 1455.3 |
        Vaults |   7625 |   5984 |   1641 |    311 |   3714 |   5 | 1525.0 |
         Crypt |   3797 |   3049 |    748 |    619 |   1615 |   3 | 1265.7 |
          Tomb |   3986 |   3636 |    350 |   1353 |   1255 |   3 | 1328.7 |
        Depths |   4296 |   3776 |    520 |    227 |   2363 |   4 | 1074.0 |
          Hell |    741 |    604 |    137 |    138 |    281 |   1 |  741.0 |
           Dis |    685 |    685 |      0 |    305 |    122 |   5 |  137.0 |
       Gehenna |   1012 |    901 |    111 |     81 |    344 |   7 |  144.6 |
       Cocytus |   2487 |   2194 |    293 |    593 |    846 |   7 |  355.3 |
      Tartarus |   1318 |   1250 |     68 |    374 |    376 |   7 |  188.3 |
         Abyss |   1882 |   1882 |      0 |    146 |    310 |   8 |  235.2 |
   Pandemonium |   6160 |   6160 |      0 |    287 |   3102 |  22 |  280.0 |
        Bazaar |     64 |     64 |      0 |      0 |     36 |   1 |   64.0 |
       Ossuary |    481 |    481 |      0 |    166 |    128 |   1 |  481.0 |
      Ice Cave |    600 |    600 |      0 |     85 |    277 |   1 |  600.0 |
    Desolation |    824 |    824 |      0 |     15 |    473 |   1 |  824.0 |
      Gauntlet |    544 |    544 |      0 |    109 |    103 |   1 |  544.0 |
         Arena |     44 |     44 |      0 |      6 |      0 |   3 |   14.7 |
               +--------+--------+--------+--------+--------+-----+--------+

Top non-repeatable levels by time:
     D:8: 2162 daAuts
   Elf:3: 2011 daAuts
    D:14: 1997 daAuts
     D:9: 1949 daAuts
  Tomb:1: 1894 daAuts
Vaults:1: 1860 daAuts
Vaults:5: 1678 daAuts
    D:13: 1650 daAuts
Vaults:3: 1607 daAuts
Depths:4: 1521 daAuts
 Crypt:1: 1518 daAuts
     D:7: 1430 daAuts
  Lair:5: 1409 daAuts
   Elf:1: 1406 daAuts
 Snake:2: 1336 daAuts
